Workbook
Name AMM: 'Detailed Member Analysis'!$AK$5:$AK$83
Name marketing: 'Detailed Member Analysis'!$AJ$5:$AJ$83
Name member_level: 'Detailed Member Analysis'!$H$5:$H$83
Name members: 'Members from Weekly Report'!$A:$Y
Name primary: 'Members from Weekly Report'!$A$1:$Y$139
Name showcase: 'Detailed Member Analysis'!$AM$5:$AM$83
Name Slicer_Membership_Level: #N/A
Name target: 'Detailed Member Analysis'!$AN$5:$AN$83
Name technical: 'Detailed Member Analysis'!$AH$5:$AH$83

Sheet Dashboard
A1: MEMBER ANALYSIS REPORT as of 9/8/2023
A4: Company | B4: Groupand Project Engagement | C4: Business Engagement | D4: Status | E4: Solid | F4: Moderate | G4: At Risk | H4: Membership Level | I4: Membership Level $
A5: Aicas GmbH | B5: X | C5: X | D5: =IF(E5="x","green",IF(G5="x","red",IF(F5="x","yellow","unknown"))) -> green | E5: X | H5: Associate | I5: =VLOOKUP(H5, 'Member Status'!$R$4:$S$8,2, FALSE) -> 12000
A6: Aiden Automotive Technologies Inc. | B6: X | C6: X | D6: =IF(E6="x","green",IF(G6="x","red",IF(F6="x","yellow","unknown"))) -> green | E6: X | H6: StartUp | I6: =VLOOKUP(H6, 'Member Status'!$R$4:$S$8,2, FALSE) -> 2000
A7: Altia, Inc. | C7: X | D7: =IF(E7="x","green",IF(G7="x","red",IF(F7="x","yellow","unknown"))) -> green | E7: X | H7: Associate | I7: =VLOOKUP(H7, 'Member Status'!$R$4:$S$8,2, FALSE) -> 12000
A8: ANSYS, Inc | B8: X | C8: X | D8: =IF(E8="x","green",IF(G8="x","red",IF(F8="x","yellow","unknown"))) -> green | E8: X | H8: Associate | I8: =VLOOKUP(H8, 'Member Status'!$R$4:$S$8,2, FALSE) -> 12000
A9: Aptiv Services Deutschland GmbH | B9: X | C9: X | D9: =IF(E9="x","green",IF(G9="x","red",IF(F9="x","yellow","unknown"))) -> green | E9: X | H9: Associate | I9: =VLOOKUP(H9, 'Member Status'!$R$4:$S$8,2, FALSE) -> 12000
A10: Area X. O. | C10: X | D10: =IF(E10="x","green",IF(G10="x","red",IF(F10="x","yellow","unknown"))) -> green | E10: X | H10: StartUp | I10: =VLOOKUP(H10, 'Member Status'!$R$4:$S$8,2, FALSE) -> 2000
A11: BlackBerry UK Limited | B11: X | C11: X | D11: =IF(E11="x","green",IF(G11="x","red",IF(F11="x","yellow","unknown"))) -> green | E11: X | H11: Associate | I11: =VLOOKUP(H11, 'Member Status'!$R$4:$S$8,2, FALSE) -> 12000
A12: BMW AG | B12: X | C12: X | D12: =IF(E12="x","green",IF(G12="x","red",IF(F12="x","yellow","unknown"))) -> green | E12: X | H12: Charter | I12: =VLOOKUP(H12, 'Member Status'!$R$4:$S$8,2, FALSE) -> 75000
A13: Cinemo GmbH | B13: X | C13: X | D13: =IF(E13="x","green",IF(G13="x","red",IF(F13="x","yellow","unknown"))) -> green | E13: X | H13: Associate | I13: =VLOOKUP(H13, 'Member Status'!$R$4:$S$8,2, FALSE) -> 12000
A14: Dark Star | C14: X | D14: =IF(E14="x","green",IF(G14="x","red",IF(F14="x","yellow","unknown"))) -> green | E14: X | H14: StartUp | I14: =VLOOKUP(H14, 'Member Status'!$R$4:$S$8,2, FALSE) -> 2000
A15: Elektrobit | B15: X | C15: X | D15: =IF(E15="x","green",IF(G15="x","red",IF(F15="x","yellow","unknown"))) -> green | E15: X | H15: Associate | I15: =VLOOKUP(H15, 'Member Status'!$R$4:$S$8,2, FALSE) -> 12000
A16: Emergency Safety Solutions | B16: X | C16: X | D16: =IF(E16="x","green",IF(G16="x","red",IF(F16="x","yellow","unknown"))) -> green | E16: X | H16: StartUp | I16: =VLOOKUP(H16, 'Member Status'!$R$4:$S$8,2, FALSE) -> 2000
A17: Endava | B17: X | C17: X | D17: =IF(E17="x","green",IF(G17="x","red",IF(F17="x","yellow","unknown"))) -> green | E17: X | H17: Associate | I17: =VLOOKUP(H17, 'Member Status'!$R$4:$S$8,2, FALSE) -> 12000
A18: ETRI | B18: X | C18: X | D18: =IF(E18="x","green",IF(G18="x","red",IF(F18="x","yellow","unknown"))) -> green | E18: X | H18: Associate | I18: =VLOOKUP(H18, 'Member Status'!$R$4:$S$8,2, FALSE) -> 12000
A19: EVware | B19: X | C19: X | D19: =IF(E19="x","green",IF(G19="x","red",IF(F19="x","yellow","unknown"))) -> green | E19: X | H19: StartUp | I19: =VLOOKUP(H19, 'Member Status'!$R$4:$S$8,2, FALSE) -> 2000
A20: Ford Motor Company | B20: X | C20: X | D20: =IF(E20="x","green",IF(G20="x","red",IF(F20="x","yellow","unknown"))) -> green | E20: X | H20: Charter | I20: =VLOOKUP(H20, 'Member Status'!$R$4:$S$8,2, FALSE) -> 75000
A21: Forvia - Faurecia Clarion Electronics | B21: X | C21: X | D21: =IF(E21="x","green",IF(G21="x","red",IF(F21="x","yellow","unknown"))) -> green | E21: X | H21: Core | I21: =VLOOKUP(H21, 'Member Status'!$R$4:$S$8,2, FALSE) -> 30000
A22: Geotab | B22: X | C22: X | D22: =IF(E22="x","green",IF(G22="x","red",IF(F22="x","yellow","unknown"))) -> green | E22: X | H22: Core | I22: =VLOOKUP(H22, 'Member Status'!$R$4:$S$8,2, FALSE) -> 30000
A23: GM Global Technology Operations LLC | B23: X | C23: X | D23: =IF(E23="x","green",IF(G23="x","red",IF(F23="x","yellow","unknown"))) -> green | E23: X | H23: Core | I23: =VLOOKUP(H23, 'Member Status'!$R$4:$S$8,2, FALSE) -> 30000
A24: Grape Up | B24: X | C24: X | D24: =IF(E24="x","green",IF(G24="x","red",IF(F24="x","yellow","unknown"))) -> green | E24: X | H24: Associate | I24: =VLOOKUP(H24, 'Member Status'!$R$4:$S$8,2, FALSE) -> 12000
A25: HAAS Alert | B25: X | C25: X | D25: =IF(E25="x","green",IF(G25="x","red",IF(F25="x","yellow","unknown"))) -> green | E25: X | H25: StartUp | I25: =VLOOKUP(H25, 'Member Status'!$R$4:$S$8,2, FALSE) -> 2000
A26: Hyundai Mobis Co., Ltd | B26: X | C26: X | D26: =IF(E26="x","green",IF(G26="x","red",IF(F26="x","yellow","unknown"))) -> green | E26: X | H26: Core | I26: =VLOOKUP(H26, 'Member Status'!$R$4:$S$8,2, FALSE) -> 30000
A27: Hyundai Motor Group | C27: X | D27: =IF(E27="x","green",IF(G27="x","red",IF(F27="x","yellow","unknown"))) -> green | E27: X | H27: Associate | I27: =VLOOKUP(H27, 'Member Status'!$R$4:$S$8,2, FALSE) -> 12000
A28: innovation works | B28: X | C28: X | D28: =IF(E28="x","green",IF(G28="x","red",IF(F28="x","yellow","unknown"))) -> green | E28: X | H28: StartUp | I28: =VLOOKUP(H28, 'Member Status'!$R$4:$S$8,2, FALSE) -> 2000
A29: Intellias Global Limited | B29: X | C29: X | D29: =IF(E29="x","green",IF(G29="x","red",IF(F29="x","yellow","unknown"))) -> green | E29: X | H29: Associate | I29: =VLOOKUP(H29, 'Member Status'!$R$4:$S$8,2, FALSE) -> 12000
A30: LG Electronics | C30: X | D30: =IF(E30="x","green",IF(G30="x","red",IF(F30="x","yellow","unknown"))) -> green | E30: X | H30: Associate | I30: =VLOOKUP(H30, 'Member Status'!$R$4:$S$8,2, FALSE) -> 12000
A31: MAVI.io | B31: X | C31: X | D31: =IF(E31="x","green",IF(G31="x","red",IF(F31="x","yellow","unknown"))) -> green | E31: X | H31: StartUp | I31: =VLOOKUP(H31, 'Member Status'!$R$4:$S$8,2, FALSE) -> 2000
A32: Mbition Mercedes | B32: X | C32: X | D32: =IF(E32="x","green",IF(G32="x","red",IF(F32="x","yellow","unknown"))) -> green | E32: X | H32: Core | I32: =VLOOKUP(H32, 'Member Status'!$R$4:$S$8,2, FALSE) -> 30000
A33: MongoDB | B33: X | C33: X | D33: =IF(E33="x","green",IF(G33="x","red",IF(F33="x","yellow","unknown"))) -> green | E33: X | H33: Associate | I33: =VLOOKUP(H33, 'Member Status'!$R$4:$S$8,2, FALSE) -> 12000
A34: NXP Semiconductors Netherlands B.V. | C34: X | D34: =IF(E34="x","green",IF(G34="x","red",IF(F34="x","yellow","unknown"))) -> green | E34: X | H34: Associate | I34: =VLOOKUP(H34, 'Member Status'!$R$4:$S$8,2, FALSE) -> 12000
A35: Qaiware | C35: X | D35: =IF(E35="x","green",IF(G35="x","red",IF(F35="x","yellow","unknown"))) -> green | E35: X | H35: Associate | I35: =VLOOKUP(H35, 'Member Status'!$R$4:$S$8,2, FALSE) -> 12000
A36: Quu, Inc. | C36: X | D36: =IF(E36="x","green",IF(G36="x","red",IF(F36="x","yellow","unknown"))) -> green | E36: X | H36: StartUp | I36: =VLOOKUP(H36, 'Member Status'!$R$4:$S$8,2, FALSE) -> 2000
A37: Real Time Innovations | B37: X | C37: X | D37: =IF(E37="x","green",IF(G37="x","red",IF(F37="x","yellow","unknown"))) -> green | E37: X | H37: Core | I37: =VLOOKUP(H37, 'Member Status'!$R$4:$S$8,2, FALSE) -> 30000
A38: RemotiveLabs | B38: X | C38: X | D38: =IF(E38="x","green",IF(G38="x","red",IF(F38="x","yellow","unknown"))) -> green | E38: X | H38: StartUp | I38: =VLOOKUP(H38, 'Member Status'!$R$4:$S$8,2, FALSE) -> 2000
A39: Renesas Electronics | B39: X | C39: X | D39: =IF(E39="x","green",IF(G39="x","red",IF(F39="x","yellow","unknown"))) -> green | E39: X | H39: Core | I39: =VLOOKUP(H39, 'Member Status'!$R$4:$S$8,2, FALSE) -> 30000
A40: Rightware | C40: X | D40: =IF(E40="x","green",IF(G40="x","red",IF(F40="x","yellow","unknown"))) -> green | E40: X | H40: Associate | I40: =VLOOKUP(H40, 'Member Status'!$R$4:$S$8,2, FALSE) -> 12000
A41: Robert Bosch GmbH | B41: X | C41: X | D41: =IF(E41="x","green",IF(G41="x","red",IF(F41="x","yellow","unknown"))) -> green | E41: X | H41: Charter | I41: =VLOOKUP(H41, 'Member Status'!$R$4:$S$8,2, FALSE) -> 75000
A42: Sheeva.AI | C42: X | D42: =IF(E42="x","green",IF(G42="x","red",IF(F42="x","yellow","unknown"))) -> green | E42: X | H42: StartUp | I42: =VLOOKUP(H42, 'Member Status'!$R$4:$S$8,2, FALSE) -> 2000
A43: Siili_Auto | C43: X | D43: =IF(E43="x","green",IF(G43="x","red",IF(F43="x","yellow","unknown"))) -> green | E43: X | H43: StartUp | I43: =VLOOKUP(H43, 'Member Status'!$R$4:$S$8,2, FALSE) -> 2000
A44: Snapp Automotive Ltd | B44: X | C44: X | D44: =IF(E44="x","green",IF(G44="x","red",IF(F44="x","yellow","unknown"))) -> green | E44: X | H44: StartUp | I44: =VLOOKUP(H44, 'Member Status'!$R$4:$S$8,2, FALSE) -> 2000
A45: Sonatus | B45: X | C45: X | D45: =IF(E45="x","green",IF(G45="x","red",IF(F45="x","yellow","unknown"))) -> green | E45: X | H45: StartUp | I45: =VLOOKUP(H45, 'Member Status'!$R$4:$S$8,2, FALSE) -> 2000
A46: Starfish GmbH & Co. KG | B46: X | C46: X | D46: =IF(E46="x","green",IF(G46="x","red",IF(F46="x","yellow","unknown"))) -> green | E46: X | H46: StartUp | I46: =VLOOKUP(H46, 'Member Status'!$R$4:$S$8,2, FALSE) -> 2000
A47: Stellantis (FLC US LLC) | B47: X | C47: X | D47: =IF(E47="x","green",IF(G47="x","red",IF(F47="x","yellow","unknown"))) -> green | E47: X | H47: Core | I47: =VLOOKUP(H47, 'Member Status'!$R$4:$S$8,2, FALSE) -> 30000
A48: The Qt Company | C48: X | D48: =IF(E48="x","green",IF(G48="x","red",IF(F48="x","yellow","unknown"))) -> green | E48: X | H48: Associate | I48: =VLOOKUP(H48, 'Member Status'!$R$4:$S$8,2, FALSE) -> 12000
A49: Tieto Finland Support Services Oy | B49: X | C49: X | D49: =IF(E49="x","green",IF(G49="x","red",IF(F49="x","yellow","unknown"))) -> green | E49: X | H49: Associate | I49: =VLOOKUP(H49, 'Member Status'!$R$4:$S$8,2, FALSE) -> 12000
A50: Tome Software | C50: X | D50: =IF(E50="x","green",IF(G50="x","red",IF(F50="x","yellow","unknown"))) -> green | E50: X | H50: StartUp | I50: =VLOOKUP(H50, 'Member Status'!$R$4:$S$8,2, FALSE) -> 2000
A51: Tuxera Inc. | C51: X | D51: =IF(E51="x","green",IF(G51="x","red",IF(F51="x","yellow","unknown"))) -> green | E51: X | H51: Associate | I51: =VLOOKUP(H51, 'Member Status'!$R$4:$S$8,2, FALSE) -> 12000
A52: Wind River Systems | B52: X | C52: X | D52: =IF(E52="x","green",IF(G52="x","red",IF(F52="x","yellow","unknown"))) -> green | E52: X | H52: Core | I52: =VLOOKUP(H52, 'Member Status'!$R$4:$S$8,2, FALSE) -> 30000
A53: ACERTA ANALYTICS SOLUTIONS, INC. | C53: X | D53: =IF(E53="x","green",IF(G53="x","red",IF(F53="x","yellow","unknown"))) -> yellow | F53: X | H53: StartUp | I53: =VLOOKUP(H53, 'Member Status'!$R$4:$S$8,2, FALSE) -> 2000
A54: ARM LTD | C54: X | D54: =IF(E54="x","green",IF(G54="x","red",IF(F54="x","yellow","unknown"))) -> yellow | F54: X | H54: Associate | I54: =VLOOKUP(H54, 'Member Status'!$R$4:$S$8,2, FALSE) -> 12000
A55: Dassault Systèmes | C55: X | D55: =IF(E55="x","green",IF(G55="x","red",IF(F55="x","yellow","unknown"))) -> yellow | F55: X | H55: Associate | I55: =VLOOKUP(H55, 'Member Status'!$R$4:$S$8,2, FALSE) -> 12000
A56: Denso Corporation | C56: X | D56: =IF(E56="x","green",IF(G56="x","red",IF(F56="x","yellow","unknown"))) -> yellow | F56: X | H56: Core | I56: =VLOOKUP(H56, 'Member Status'!$R$4:$S$8,2, FALSE) -> 30000
A57: Harmonic Financial Technology | C57: X | D57: =IF(E57="x","green",IF(G57="x","red",IF(F57="x","yellow","unknown"))) -> yellow | F57: X | H57: StartUp | I57: =VLOOKUP(H57, 'Member Status'!$R$4:$S$8,2, FALSE) -> 2000
A58: Humanising Autonomy | C58: X | D58: =IF(E58="x","green",IF(G58="x","red",IF(F58="x","yellow","unknown"))) -> yellow | F58: X | H58: StartUp | I58: =VLOOKUP(H58, 'Member Status'!$R$4:$S$8,2, FALSE) -> 2000
A59: Jimmy Technologies | B59: X | C59: X | D59: =IF(E59="x","green",IF(G59="x","red",IF(F59="x","yellow","unknown"))) -> yellow | F59: X | H59: StartUp | I59: =VLOOKUP(H59, 'Member Status'!$R$4:$S$8,2, FALSE) -> 2000
A60: Michelin | B60: X | C60: X | D60: =IF(E60="x","green",IF(G60="x","red",IF(F60="x","yellow","unknown"))) -> yellow | F60: X | H60: Associate | I60: =VLOOKUP(H60, 'Member Status'!$R$4:$S$8,2, FALSE) -> 12000
A61: Ricardo | C61: X | D61: =IF(E61="x","green",IF(G61="x","red",IF(F61="x","yellow","unknown"))) -> yellow | F61: X | H61: Associate | I61: =VLOOKUP(H61, 'Member Status'!$R$4:$S$8,2, FALSE) -> 12000
A62: Rivet360 | C62: X | D62: =IF(E62="x","green",IF(G62="x","red",IF(F62="x","yellow","unknown"))) -> yellow | F62: X | H62: StartUp | I62: =VLOOKUP(H62, 'Member Status'!$R$4:$S$8,2, FALSE) -> 2000
A63: TrafficLand, Inc | C63: X | D63: =IF(E63="x","green",IF(G63="x","red",IF(F63="x","yellow","unknown"))) -> yellow | F63: X | H63: StartUp | I63: =VLOOKUP(H63, 'Member Status'!$R$4:$S$8,2, FALSE) -> 2000
A64: Troverlo | C64: X | D64: =IF(E64="x","green",IF(G64="x","red",IF(F64="x","yellow","unknown"))) -> yellow | F64: X | H64: StartUp | I64: =VLOOKUP(H64, 'Member Status'!$R$4:$S$8,2, FALSE) -> 2000
A65: WEX, Inc. | C65: X | D65: =IF(E65="x","green",IF(G65="x","red",IF(F65="x","yellow","unknown"))) -> yellow | F65: X | H65: Associate | I65: =VLOOKUP(H65, 'Member Status'!$R$4:$S$8,2, FALSE) -> 12000
A66: ALPS ALPINE EUROPE GmbH | D66: =IF(E66="x","green",IF(G66="x","red",IF(F66="x","yellow","unknown"))) -> red | G66: X | H66: Associate | I66: =VLOOKUP(H66, 'Member Status'!$R$4:$S$8,2, FALSE) -> 12000
A67: ANELLO Photonics | C67: X | D67: =IF(E67="x","green",IF(G67="x","red",IF(F67="x","yellow","unknown"))) -> red | G67: X | H67: StartUp | I67: =VLOOKUP(H67, 'Member Status'!$R$4:$S$8,2, FALSE) -> 2000
A68: CTAG | D68: =IF(E68="x","green",IF(G68="x","red",IF(F68="x","yellow","unknown"))) -> red | G68: X | H68: Associate | I68: =VLOOKUP(H68, 'Member Status'!$R$4:$S$8,2, FALSE) -> 12000
A69: Garmin Switzerland GmbH | D69: =IF(E69="x","green",IF(G69="x","red",IF(F69="x","yellow","unknown"))) -> red | G69: X | H69: Associate | I69: =VLOOKUP(H69, 'Member Status'!$R$4:$S$8,2, FALSE) -> 12000
A70: GitHub | C70: X | D70: =IF(E70="x","green",IF(G70="x","red",IF(F70="x","yellow","unknown"))) -> red | G70: X | H70: Associate | I70: =VLOOKUP(H70, 'Member Status'!$R$4:$S$8,2, FALSE) -> 12000
A71: GreenV Mobilidade Eletrica Brasil SA | D71: =IF(E71="x","green",IF(G71="x","red",IF(F71="x","yellow","unknown"))) -> red | G71: X | H71: StartUp | I71: =VLOOKUP(H71, 'Member Status'!$R$4:$S$8,2, FALSE) -> 2000
A72: Honda R&D Europe | C72: X | D72: =IF(E72="x","green",IF(G72="x","red",IF(F72="x","yellow","unknown"))) -> red | G72: X | H72: Associate | I72: =VLOOKUP(H72, 'Member Status'!$R$4:$S$8,2, FALSE) -> 12000
A73: JOYNEXT | D73: =IF(E73="x","green",IF(G73="x","red",IF(F73="x","yellow","unknown"))) -> red | G73: X | H73: Associate | I73: =VLOOKUP(H73, 'Member Status'!$R$4:$S$8,2, FALSE) -> 12000
A74: L&T Technologies | D74: =IF(E74="x","green",IF(G74="x","red",IF(F74="x","yellow","unknown"))) -> red | G74: X | H74: Associate | I74: =VLOOKUP(H74, 'Member Status'!$R$4:$S$8,2, FALSE) -> 12000
A75: NNG | C75: X | D75: =IF(E75="x","green",IF(G75="x","red",IF(F75="x","yellow","unknown"))) -> red | G75: X | H75: Associate | I75: =VLOOKUP(H75, 'Member Status'!$R$4:$S$8,2, FALSE) -> 12000
A76: OBIGO Inc. | D76: =IF(E76="x","green",IF(G76="x","red",IF(F76="x","yellow","unknown"))) -> red | G76: X | H76: Associate | I76: =VLOOKUP(H76, 'Member Status'!$R$4:$S$8,2, FALSE) -> 12000
A77: Otonomo | C77: X | D77: =IF(E77="x","green",IF(G77="x","red",IF(F77="x","yellow","unknown"))) -> red | G77: X | H77: Associate | I77: =VLOOKUP(H77, 'Member Status'!$R$4:$S$8,2, FALSE) -> 12000
A78: RENAULT Group | D78: =IF(E78="x","green",IF(G78="x","red",IF(F78="x","yellow","unknown"))) -> red | G78: X | H78: Associate | I78: =VLOOKUP(H78, 'Member Status'!$R$4:$S$8,2, FALSE) -> 12000
A79: SecureThings U.S. Inc. | D79: =IF(E79="x","green",IF(G79="x","red",IF(F79="x","yellow","unknown"))) -> red | G79: X | H79: StartUp | I79: =VLOOKUP(H79, 'Member Status'!$R$4:$S$8,2, FALSE) -> 2000
A80: Shenyang MXNavi Co. Ltd | D80: =IF(E80="x","green",IF(G80="x","red",IF(F80="x","yellow","unknown"))) -> red | G80: X | H80: Associate | I80: =VLOOKUP(H80, 'Member Status'!$R$4:$S$8,2, FALSE) -> 12000
A84: Totals | E84: =COUNTIF(E5:E83,"<>") -> 48 | F84: =COUNTIF(F5:F83,"<>") -> 13 | G84: =COUNTIF(G5:G83,"<>") -> 15 | H84: =COUNTIF(member_level,"<>") -> 76 | I84: =COUNTIF(member_level,"<>") -> 76
D86: Charter | H86: =COUNTIF(member_level, "Charter") -> 3 | I86: =COUNTIF(member_level, "Charter") -> 3
D87: Core | H87: =COUNTIF(member_level, "Core") -> 10 | I87: =COUNTIF(member_level, "Core") -> 10
D88: Associate | H88: =COUNTIF(member_level, "Associate") -> 37 | I88: =COUNTIF(member_level, "Associate") -> 37
D89: Startup PLUS | H89: =COUNTIF(member_level, "Startup Plus") -> 0 | I89: =COUNTIF(member_level, "Startup Plus") -> 0
D90: Startup | H90: =COUNTIF(member_level, "StartUp") -> 26 | I90: =COUNTIF(member_level, "StartUp") -> 26

Sheet Detailed Member Analysis
A1: MEMBER ANALYSIS REPORT as of 9/8/2023
K3: Groups | R3: Other | T3: Projects | AA3: Interests | AE3: Sponsor at Events | AK3: Attended These Events
A4: Company | B4: Groupand Project Engagement | C4: Business Engagement | D4: Status | E4: Solid | F4: Moderate | G4: At Risk | H4: Level | I4: Follow-up Needed | J4: Onboard Needed | K4: Data Expert Group | L4: EV Charging Expert Group | M4: Vehicle Experience | N4: Technical Steering Team | O4: AOSP App Std Expert Group | P4: Commercial Vehicle BoF | Q4: Vehicle as a Wallet | R4: Board | S4: Marketing Team | T4: VSS | U4: VSSo | V4: Architecture | W4: EV Charging Event Data Aggregation | X4: EV Optimization | Y4: Payments | Z4: Saftey | AA4: Simulation / Digital Twin / AI | AB4: SDV | AC4: Testing and Validation | AE4: Detroit AMM 2022 | AF4: CES 2023 | AG4: Porto AMM 2023 | AH4: AutoTech 2023 | AI4: Detroit Fall AMM 2023 | AJ4: CES 2024 | AK4: Detroit AMM 2022 | AL4: CES 2023 | AM4: Porto AMM 2023 | AN4: AutoTech 2023 | AO4: Detroit Fall AMM 2023 | AP4: CES 2024 | AQ4: Join Date | AR4: Membership Renewal Date | AS4: Category | AT4: Comments
A5: ACERTA ANALYTICS SOLUTIONS, INC. | C5: X | D5: =IF(E5="x","green",IF(G5="x","red",IF(F5="x","yellow","unknown"))) -> yellow | F5: X | H5: StartUp | I5: X | Z5: o | AA5: X | AF5: X | AI5: o | AJ5: o | AL5: X | AO5: o | AP5: o | AQ5: 44545 | AS5: OSV, Middleware, H&S
A6: Aicas GmbH | B6: X | C6: X | D6: =IF(E6="x","green",IF(G6="x","red",IF(F6="x","yellow","unknown"))) -> green | E6: X | H6: Associate | M6: X | T6: X | AG6: X | AH6: X | AI6: X | AJ6: o | AK6: X | AL6: X | AM6: X | AN6: X | AO6: X | AP6: o | AQ6: 44938 | AS6: OSV, Middleware, H&S
A7: Aiden Automotive Technologies Inc. | B7: X | C7: X | D7: =IF(E7="x","green",IF(G7="x","red",IF(F7="x","yellow","unknown"))) -> green | E7: X | H7: StartUp | I7: X | M7: o | Q7: X | Y7: X | AF7: X | AG7: X | AI7: o | AK7: X | AL7: X | AM7: X | AN7: X | AO7: o | AP7: o | AQ7: 44470 | AS7: OSV, Middleware, H&S
A8: ALPS ALPINE EUROPE GmbH | D8: =IF(E8="x","green",IF(G8="x","red",IF(F8="x","yellow","unknown"))) -> red | G8: X | H8: Associate | I8: X | AL8: X | AQ8: 40031 | AS8: Tier 1
A9: Altia, Inc. | C9: X | D9: =IF(E9="x","green",IF(G9="x","red",IF(F9="x","yellow","unknown"))) -> green | E9: X | H9: Associate | AF9: X | AK9: X | AL9: X | AN9: X | AO9: o | AP9: o | AQ9: 42947 | AS9: OSV, Middleware, H&S
A10: ANELLO Photonics | C10: X | D10: =IF(E10="x","green",IF(G10="x","red",IF(F10="x","yellow","unknown"))) -> red | G10: X | H10: StartUp | I10: X | AF10: X | AL10: X | AQ10: 44621 | AS10: Silicon
A11: ANSYS, Inc | B11: X | C11: X | D11: =IF(E11="x","green",IF(G11="x","red",IF(F11="x","yellow","unknown"))) -> green | E11: X | H11: Associate | L11: X | AA11: X | AH11: X | AI11: o | AJ11: o | AK11: X | AL11: X | AM11: X | AN11: X | AO11: o | AP11: o | AQ11: 44917 | AS11: OSV, Middleware, H&S
A12: Aptiv Services Deutschland GmbH | B12: X | C12: X | D12: =IF(E12="x","green",IF(G12="x","red",IF(F12="x","yellow","unknown"))) -> green | E12: X | H12: Associate | K12: X | L12: X | N12: X | R12: X | T12: X | U12: X | V12: X | W12: X | AG12: X | AL12: X | AM12: X | AN12: X | AQ12: 39888 | AS12: Tier 1
A13: Area X. O. | C13: X | D13: =IF(E13="x","green",IF(G13="x","red",IF(F13="x","yellow","unknown"))) -> green | E13: X | H13: StartUp | I13: X | Z13: o | AC13: X | AE13: X | AF13: X | AH13: X | AI13: o | AJ13: o | AK13: X | AL13: X | AN13: X | AO13: o | AP13: o | AQ13: 44719 | AS13: OSV, Middleware, H&S
A14: ARM LTD | C14: X | D14: =IF(E14="x","green",IF(G14="x","red",IF(F14="x","yellow","unknown"))) -> yellow | F14: X | H14: Associate | I14: X | AG14: X | AL14: X | AM14: X | AN14: X | AO14: o | AP14: o | AQ14: 40205 | AS14: Silicon
A15: BlackBerry UK Limited | B15: X | C15: X | D15: =IF(E15="x","green",IF(G15="x","red",IF(F15="x","yellow","unknown"))) -> green | E15: X | H15: Associate | T15: X | V15: X | AI15: X | AJ15: o | AL15: X | AM15: X | AN15: X | AO15: X | AP15: o | AQ15: 45021 | AS15: OSV, Middleware, H&S
A16: BMW AG | B16: X | C16: X | D16: =IF(E16="x","green",IF(G16="x","red",IF(F16="x","yellow","unknown"))) -> green | E16: X | H16: Charter | K16: X | N16: X | O16: X | R16: X | T16: X | U16: X | V16: X | AJ16: o | AK16: X | AM16: X | AO16: X | AQ16: 39888 | AS16: OEM
A17: Cinemo GmbH | B17: X | C17: X | D17: =IF(E17="x","green",IF(G17="x","red",IF(F17="x","yellow","unknown"))) -> green | E17: X | H17: Associate | AE17: X | AI17: o | AJ17: o | AK17: X | AL17: X | AM17: X | AN17: o | AO17: o | AP17: o | AQ17: 40136 | AS17: OSV, Middleware, H&S
A18: CTAG | D18: =IF(E18="x","green",IF(G18="x","red",IF(F18="x","yellow","unknown"))) -> red | G18: X | H18: Associate | I18: X | AM18: X | AQ18: 40504 | AS18: OSV, Middleware, H&S
A19: Dark Star | C19: X | D19: =IF(E19="x","green",IF(G19="x","red",IF(F19="x","yellow","unknown"))) -> green | E19: X | H19: StartUp | M19: X | Z19: X | AE19: X | AF19: X | AH19: X | AI19: X | AJ19: X | AL19: X | AN19: X | AO19: o | AP19: o | AQ19: 44880 | AS19: OSV, Middleware, H&S
A20: Dassault Systèmes | C20: X | D20: =IF(E20="x","green",IF(G20="x","red",IF(F20="x","yellow","unknown"))) -> yellow | F20: X | H20: Associate | I20: X | AA20: X | AK20: X | AQ20: 44995 | AS20: OSV, Middleware, H&S
A21: Denso Corporation | C21: X | D21: =IF(E21="x","green",IF(G21="x","red",IF(F21="x","yellow","unknown"))) -> yellow | F21: X | H21: Core | I21: X | AK21: X | AL21: X | AM21: X | AN21: X | AQ21: 40606 | AS21: Tier 1
A22: Elektrobit | B22: X | C22: X | D22: =IF(E22="x","green",IF(G22="x","red",IF(F22="x","yellow","unknown"))) -> green | E22: X | H22: Associate | O22: X | P22: X | T22: X | AF22: X | AH22: X | AI22: o | AJ22: o | AK22: X | AL22: X | AM22: X | AN22: X | AO22: o | AP22: o | AQ22: 44939 | AS22: OSV, Middleware, H&S
A23: Emergency Safety Solutions | B23: X | C23: X | D23: =IF(E23="x","green",IF(G23="x","red",IF(F23="x","yellow","unknown"))) -> green | E23: X | H23: StartUp | M23: X | Z23: X | AE23: X | AF23: X | AH23: X | AI23: X | AJ23: X | AK23: X | AL23: X | AN23: X | AO23: o | AP23: o | AQ23: 44699 | AS23: OSV, Middleware, H&S
A24: Endava | B24: X | C24: X | D24: =IF(E24="x","green",IF(G24="x","red",IF(F24="x","yellow","unknown"))) -> green | E24: X | H24: Associate | P24: X | T24: X | U24: X | Y24: X | AA24: X | AB24: X | AH24: X | AI24: o | AJ24: o | AL24: X | AN24: X | AO24: o | AP24: o | AQ24: 45149 | AS24: OSV, Middleware, H&S
A25: ETRI | B25: X | C25: X | D25: =IF(E25="x","green",IF(G25="x","red",IF(F25="x","yellow","unknown"))) -> green | E25: X | H25: Associate | I25: X | AK25: X | AM25: X | AQ25: 44803 | AS25: OSV, Middleware, H&S
A26: EVware | B26: X | C26: X | D26: =IF(E26="x","green",IF(G26="x","red",IF(F26="x","yellow","unknown"))) -> green | E26: X | H26: StartUp | I26: X | M26: o | O26: o | T26: o | AF26: X | AI26: X | AL26: X | AO26: o | AP26: o | AQ26: 44635 | AS26: OSV, Middleware, H&S
A27: Ford Motor Company | B27: X | C27: X | D27: =IF(E27="x","green",IF(G27="x","red",IF(F27="x","yellow","unknown"))) -> green | E27: X | H27: Charter | K27: X | L27: X | R27: X | T27: X | U27: X | W27: X | AE27: X | AG27: X | AI27: X | AK27: X | AL27: X | AM27: X | AN27: X | AO27: X | AP27: X | AQ27: 44540 | AS27: OEM
A28: Forvia - Faurecia Clarion Electronics | B28: X | C28: X | D28: =IF(E28="x","green",IF(G28="x","red",IF(F28="x","yellow","unknown"))) -> green | E28: X | H28: Core | O28: X | T28: X | AL28: X | AM28: X | AN28: X | AQ28: Pending | AS28: Tier 1
A29: Garmin Switzerland GmbH | D29: =IF(E29="x","green",IF(G29="x","red",IF(F29="x","yellow","unknown"))) -> red | G29: X | H29: Associate | I29: X | AK29: X | AQ29: 40212 | AS29: Tier 1
A30: Geotab | B30: X | C30: X | D30: =IF(E30="x","green",IF(G30="x","red",IF(F30="x","yellow","unknown"))) -> green | E30: X | H30: Core | K30: X | L30: X | N30: X | O30: X | P30: X | R30: X | T30: X | U30: X | V30: X | W30: X | Y30: o | AF30: X | AI30: o | AJ30: o | AK30: X | AL30: X | AM30: X | AN30: X | AO30: o | AP30: o | AQ30: 44139 | AS30: OSV, Middleware, H&S
A31: GitHub | C31: X | D31: =IF(E31="x","green",IF(G31="x","red",IF(F31="x","yellow","unknown"))) -> red | G31: X | H31: Associate | I31: X | AH31: X | AN31: X | AQ31: 42941 | AS31: OSV, Middleware, H&S
A32: GM Global Technology Operations LLC | B32: X | C32: X | D32: =IF(E32="x","green",IF(G32="x","red",IF(F32="x","yellow","unknown"))) -> green | E32: X | H32: Core | K32: X | O32: X | R32: X | T32: X | U32: X | V32: X | W32: X | AK32: X | AL32: X | AN32: X | AO32: o | AP32: o | AQ32: 45112 | AS32: OEM
A33: Grape Up | B33: X | C33: X | D33: =IF(E33="x","green",IF(G33="x","red",IF(F33="x","yellow","unknown"))) -> green | E33: X | H33: Associate | T33: X | W33: X | AF33: X | AG33: X | AH33: X | AJ33: X | AL33: X | AM33: X | AN33: X | AP33: X | AQ33: 44805 | AS33: OSV, Middleware, H&S
A34: GreenV Mobilidade Eletrica Brasil SA | D34: =IF(E34="x","green",IF(G34="x","red",IF(F34="x","yellow","unknown"))) -> red | G34: X | H34: StartUp | I34: X | AQ34: 44918 | AS34: OSV, Middleware, H&S
A35: HAAS Alert | B35: X | C35: X | D35: =IF(E35="x","green",IF(G35="x","red",IF(F35="x","yellow","unknown"))) -> green | E35: X | H35: StartUp | M35: X | Z35: X | AE35: X | AF35: X | AH35: X | AI35: X | AJ35: X | AK35: X | AL35: X | AN35: X | AO35: o | AP35: o | AQ35: 42711 | AS35: OSV, Middleware, H&S
A36: Harmonic Financial Technology | C36: X | D36: =IF(E36="x","green",IF(G36="x","red",IF(F36="x","yellow","unknown"))) -> yellow | F36: X | H36: StartUp | AN36: X | AQ36: 45077 | AS36: Other
A37: Honda R&D Europe | C37: X | D37: =IF(E37="x","green",IF(G37="x","red",IF(F37="x","yellow","unknown"))) -> green | E37: X | H37: Associate | I37: X | AK37: X | AL37: X | AM37: X | AN37: X | AQ37: 40651 | AS37: OEM
A38: Humanising Autonomy | C38: X | D38: =IF(E38="x","green",IF(G38="x","red",IF(F38="x","yellow","unknown"))) -> yellow | F38: X | H38: StartUp | I38: X | M38: o | Z38: X | AA38: o | AE38: X | AH38: X | AI38: o | AK38: X | AL38: X | AN38: X | AO38: o | AP38: o | AQ38: 44655 | AS38: OSV, Middleware, H&S
A39: Hyundai Mobis Co., Ltd | B39: X | C39: X | D39: =IF(E39="x","green",IF(G39="x","red",IF(F39="x","yellow","unknown"))) -> green | E39: X | H39: Core | L39: X | T39: X | W39: X | X39: X | AG39: X | AI39: X | AK39: X | AL39: X | AM39: X | AN39: X | AO39: o | AQ39: 40597 | AS39: Tier 1
A40: Hyundai Motor Group | C40: X | D40: =IF(E40="x","green",IF(G40="x","red",IF(F40="x","yellow","unknown"))) -> green | E40: X | H40: Associate | AE40: X | AG40: X | AI40: X | AL40: X | AM40: X | AO40: X | AQ40: 40301 | AS40: OEM
A41: innovation works | B41: X | C41: X | D41: =IF(E41="x","green",IF(G41="x","red",IF(F41="x","yellow","unknown"))) -> green | E41: X | H41: StartUp | M41: X | S41: o | T41: o | AE41: X | AF41: X | AK41: X | AL41: X | AN41: X | AO41: X | AP41: X | AQ41: 44698 | AS41: OSV, Middleware, H&S
A42: Intellias Global Limited | B42: X | C42: X | D42: =IF(E42="x","green",IF(G42="x","red",IF(F42="x","yellow","unknown"))) -> green | E42: X | H42: Associate | AE42: X | AF42: X | AG42: X | AH42: X | AI42: X | AJ42: o | AK42: X | AL42: X | AM42: X | AN42: X | AO42: X | AP42: o | AQ42: 44813 | AS42: OSV, Middleware, H&S
A43: Jimmy Technologies | B43: X | C43: X | D43: =IF(E43="x","green",IF(G43="x","red",IF(F43="x","yellow","unknown"))) -> yellow | F43: X | H43: StartUp | I43: X | O43: X | T43: x | AM43: X | AQ43: 45020 | AS43: OSV, Middleware, H&S
A44: JOYNEXT | D44: =IF(E44="x","green",IF(G44="x","red",IF(F44="x","yellow","unknown"))) -> red | G44: X | H44: Associate | I44: X | AN44: X | AQ44: 43369 | AS44: Tier 1
A45: L&T Technologies | D45: =IF(E45="x","green",IF(G45="x","red",IF(F45="x","yellow","unknown"))) -> red | G45: X | H45: Associate | AQ45: 42803 | AS45: OSV, Middleware, H&S
A46: LG Electronics | C46: X | D46: =IF(E46="x","green",IF(G46="x","red",IF(F46="x","yellow","unknown"))) -> green | E46: X | H46: Associate | AE46: X | AG46: X | AI46: X | AL46: X | AM46: X | AO46: X | AQ46: 40351 | AS46: Tier 1
A47: MAVI.io | B47: X | C47: X | D47: =IF(E47="x","green",IF(G47="x","red",IF(F47="x","yellow","unknown"))) -> green | E47: X | H47: StartUp | L47: X | M47: X | O47: X | Q47: X | Y47: X | AF47: X | AG47: X | AH47: X | AI47: X | AJ47: X | AK47: X | AL47: X | AM47: X | AN47: X | AO47: X | AP47: X | AQ47: 44748 | AS47: OSV, Middleware, H&S
A48: Mbition Mercedes | B48: X | C48: X | D48: =IF(E48="x","green",IF(G48="x","red",IF(F48="x","yellow","unknown"))) -> green | E48: X | H48: Core | K48: X | O48: X | T48: X | AL48: X | AN48: X | AQ48: Pending | AS48: OEM
A49: Michelin | B49: X | C49: X | D49: =IF(E49="x","green",IF(G49="x","red",IF(F49="x","yellow","unknown"))) -> yellow | F49: X | H49: Associate | I49: X | T49: X | AL49: X | AM49: X | AQ49: 44957 | AS49: Tier 1
A50: MongoDB | B50: X | C50: X | D50: =IF(E50="x","green",IF(G50="x","red",IF(F50="x","yellow","unknown"))) -> green | E50: X | H50: Associate | T50: X | V50: X | AF50: X | AG50: X | AH50: X | AI50: X | AJ50: X | AK50: X | AL50: X | AM50: X | AN50: X | AO50: X | AP50: X | AQ50: 44833 | AS50: OSV, Middleware, H&S
A51: NNG | C51: X | D51: =IF(E51="x","green",IF(G51="x","red",IF(F51="x","yellow","unknown"))) -> red | G51: X | H51: Associate | I51: X | AK51: X | AL51: X | AO51: X | AQ51: 44630 | AS51: OSV, Middleware, H&S
A52: NXP Semiconductors Netherlands B.V. | C52: X | D52: =IF(E52="x","green",IF(G52="x","red",IF(F52="x","yellow","unknown"))) -> green | E52: X | H52: Associate | I52: X | AK52: X | AL52: X | AM52: X | AQ52: 40148 | AS52: Silicon
A53: OBIGO Inc. | D53: =IF(E53="x","green",IF(G53="x","red",IF(F53="x","yellow","unknown"))) -> red | G53: X | H53: Associate | AL53: X | AQ53: 40822 | AS53: OSV, Middleware, H&S
A54: Otonomo | C54: X | D54: =IF(E54="x","green",IF(G54="x","red",IF(F54="x","yellow","unknown"))) -> red | G54: X | H54: Associate | AF54: X | AK54: X | AL54: X | AQ54: 44944 | AS54: OSV, Middleware, H&S
A55: Qaiware | C55: X | D55: =IF(E55="x","green",IF(G55="x","red",IF(F55="x","yellow","unknown"))) -> green | E55: X | H55: Associate | AI55: o | AJ55: o | AO55: o | AP55: o | AQ55: Pending | AS55: OSV, Middleware, H&S
A56: Quu, Inc. | C56: X | D56: =IF(E56="x","green",IF(G56="x","red",IF(F56="x","yellow","unknown"))) -> green | E56: X | H56: StartUp | I56: X | Q56: X | AF56: X | AL56: X | AO56: o | AP56: o | AQ56: 45047 | AS56: OSV, Middleware, H&S
A57: Real Time Innovations | B57: X | C57: X | D57: =IF(E57="x","green",IF(G57="x","red",IF(F57="x","yellow","unknown"))) -> green | E57: X | H57: Core | K57: X | N57: X | R57: X | S57: X | T57: X | V57: X | AI57: X | AJ57: o | AK57: X | AL57: X | AM57: X | AN57: X | AO57: X | AP57: X | AQ57: 44893 | AS57: OSV, Middleware, H&S
A58: RemotiveLabs | B58: X | C58: X | D58: =IF(E58="x","green",IF(G58="x","red",IF(F58="x","yellow","unknown"))) -> green | E58: X | H58: StartUp | O58: X | T58: X | AL58: X | AM58: X | AQ58: 44950 | AS58: OSV, Middleware, H&S
A59: RENAULT Group | D59: =IF(E59="x","green",IF(G59="x","red",IF(F59="x","yellow","unknown"))) -> red | G59: X | H59: Associate | I59: X | AQ59: 44620 | AS59: OEM
A60: Renesas Electronics | B60: X | C60: X | D60: =IF(E60="x","green",IF(G60="x","red",IF(F60="x","yellow","unknown"))) -> green | E60: X | H60: Core | K60: X | N60: X | R60: X | T60: X | U60: X | V60: X | AE60: X | AG60: X | AI60: X | AK60: X | AL60: X | AM60: X | AN60: X | AO60: X | AP60: o | AQ60: 40175 | AS60: Silicon
A61: Ricardo | C61: X | D61: =IF(E61="x","green",IF(G61="x","red",IF(F61="x","yellow","unknown"))) -> yellow | F61: X | H61: Associate | I61: X | L61: o | AA61: o | AB61: o | AF61: X | AK61: X | AL61: X | AM61: X | AN61: X | AQ61: 44594 | AS61: Other
A62: Rightware | C62: X | D62: =IF(E62="x","green",IF(G62="x","red",IF(F62="x","yellow","unknown"))) -> green | E62: X | H62: Associate | M62: X | T62: o | Y62: o | AE62: X | AF62: X | AG62: X | AH62: X | AI62: o | AJ62: o | AK62: X | AL62: X | AM62: X | AN62: X | AO62: X | AP62: X | AQ62: 44894 | AS62: OSV, Middleware, H&S
A63: Rivet360 | C63: X | D63: =IF(E63="x","green",IF(G63="x","red",IF(F63="x","yellow","unknown"))) -> yellow | F63: X | H63: StartUp | I63: X | AK63: X | AL63: X | AQ63: 44831 | AS63: other/OSV, Middleware, Harware, Services Supplier
A64: Robert Bosch GmbH | B64: X | C64: X | D64: =IF(E64="x","green",IF(G64="x","red",IF(F64="x","yellow","unknown"))) -> green | E64: X | H64: Charter | K64: X | L64: X | N64: X | O64: X | R64: X | S64: X | T64: X | U64: X | V64: X | W64: X | AK64: X | AL64: X | AM64: X | AN64: X | AO64: o | AP64: o | AQ64: 40477 | AS64: Tier 1
A65: SecureThings U.S. Inc. | D65: =IF(E65="x","green",IF(G65="x","red",IF(F65="x","yellow","unknown"))) -> red | G65: X | H65: StartUp | I65: X | AK65: X | AQ65: 43539 | AS65: OSV, Middleware, H&S
A66: Sheeva.AI | C66: X | D66: =IF(E66="x","green",IF(G66="x","red",IF(F66="x","yellow","unknown"))) -> green | E66: X | H66: StartUp | T66: X | Z66: X | AI66: X | AJ66: X | AK66: X | AL66: X | AN66: X | AO66: X | AP66: o | AQ66: Pending
A67: Shenyang MXNavi Co. Ltd | D67: =IF(E67="x","green",IF(G67="x","red",IF(F67="x","yellow","unknown"))) -> red | G67: X | H67: Associate | I67: X | AQ67: 41288 | AS67: OSV, Middleware, H&S
A68: Siili_Auto | C68: X | D68: =IF(E68="x","green",IF(G68="x","red",IF(F68="x","yellow","unknown"))) -> green | E68: X | H68: StartUp | M68: X | AF68: X | AH68: X | AI68: X | AJ68: X | AK68: X | AL68: X | AM68: X | AN68: X | AO68: X | AP68: X | AQ68: 44931 | AS68: OSV, Middleware, H&S
A69: Snapp Automotive Ltd | B69: X | C69: X | D69: =IF(E69="x","green",IF(G69="x","red",IF(F69="x","yellow","unknown"))) -> green | E69: X | H69: StartUp | O69: X | AG69: X | AM69: X | AQ69: 45009 | AS69: Other
A70: Sonatus | B70: X | C70: X | D70: =IF(E70="x","green",IF(G70="x","red",IF(F70="x","yellow","unknown"))) -> green | E70: X | H70: StartUp | S70: X | T70: X | U70: X | AE70: X | AF70: X | AG70: X | AH70: X | AI70: X | AJ70: X | AK70: X | AL70: X | AM70: X | AN70: X | AO70: X | AP70: X | AQ70: 43825 | AS70: OSV, Middleware, H&S
A71: Starfish GmbH & Co. KG | B71: X | C71: X | D71: =IF(E71="x","green",IF(G71="x","red",IF(F71="x","yellow","unknown"))) -> green | E71: X | H71: StartUp | M71: o | Q71: X | Z71: X | AM71: X | AO71: o | AP71: o | AQ71: 45091 | AS71: Other
A72: Stellantis (FLC US LLC) | B72: X | C72: X | D72: =IF(E72="x","green",IF(G72="x","red",IF(F72="x","yellow","unknown"))) -> green | E72: X | H72: Core | L72: X | M72: X | O72: o | P72: X | Q72: X | R72: X | T72: o | W72: o | Y72: X | Z72: X | AH72: X | AI72: o | AJ72: o | AK72: X | AL72: X | AM72: X | AN72: X | AO72: X | AP72: X | AQ72: 44866 | AS72: OEM
A73: The Qt Company | C73: X | D73: =IF(E73="x","green",IF(G73="x","red",IF(F73="x","yellow","unknown"))) -> green | E73: X | H73: Associate | M73: X | W73: o | AF73: X | AH73: X | AI73: o | AJ73: X | AK73: X | AL73: X | AM73: X | AN73: X | AO73: X | AP73: X | AQ73: 41163 | AS73: OSV, Middleware, H&S
A74: Tieto Finland Support Services Oy | B74: X | C74: X | D74: =IF(E74="x","green",IF(G74="x","red",IF(F74="x","yellow","unknown"))) -> green | E74: X | H74: Associate | K74: X | O74: X | T74: X | AF74: X | AJ74: o | AK74: X | AL74: X | AM74: X | AN74: X | AO74: o | AP74: o | AQ74: 43693 | AS74: OSV, Middleware, H&S
A75: Tome Software | C75: X | D75: =IF(E75="x","green",IF(G75="x","red",IF(F75="x","yellow","unknown"))) -> green | E75: X | H75: StartUp | AF75: X | AH75: X | AI75: X | AJ75: X | AL75: X | AN75: X | AO75: o | AP75: o | AQ75: 43259 | AS75: OSV, Middleware, H&S
A76: TrafficLand, Inc | C76: X | D76: =IF(E76="x","green",IF(G76="x","red",IF(F76="x","yellow","unknown"))) -> yellow | F76: X | H76: StartUp | AN76: X | AQ76: 44985 | AS76: OSV, Middleware, H&S
A77: Troverlo | C77: X | D77: =IF(E77="x","green",IF(G77="x","red",IF(F77="x","yellow","unknown"))) -> yellow | F77: X | H77: StartUp | AF77: X | AL77: X | AN77: X | AQ77: 44908 | AS77: OSV, Middleware, H&S
A78: Tuxera Inc. | C78: X | D78: =IF(E78="x","green",IF(G78="x","red",IF(F78="x","yellow","unknown"))) -> green | E78: X | H78: Associate | Z78: o | AE78: X | AF78: X | AG78: X | AH78: X | AI78: X | AJ78: X | AK78: X | AL78: X | AM78: X | AN78: X | AO78: X | AP78: X | AQ78: 40807 | AS78: OSV, Middleware, H&S
A79: WEX, Inc. | C79: X | D79: =IF(E79="x","green",IF(G79="x","red",IF(F79="x","yellow","unknown"))) -> yellow | F79: X | H79: Associate | I79: X | L79: o | Q79: o | W79: o | Y79: X | AJ79: o | AK79: X | AL79: X | AN79: X | AO79: o | AP79: o | AQ79: 45007 | AS79: Other
A80: Wind River Systems | B80: X | C80: X | D80: =IF(E80="x","green",IF(G80="x","red",IF(F80="x","yellow","unknown"))) -> green | E80: X | H80: Core | R80: X | S80: X | AE80: X | AI80: o | AJ80: o | AK80: X | AL80: X | AM80: X | AN80: X | AO80: X | AP80: X | AQ80: 39965 | AS80: OSV, Middleware, H&S
A84: Totals | E84: =COUNTIF(E5:E83,"<>") -> 49 | F84: =COUNTIF(F5:F83,"<>") -> 13 | G84: =COUNTIF(G5:G83,"<>") -> 14 | H84: =COUNTIF(member_level,"<>") -> 76 | I84: =COUNTIF(I5:I83,"<>") -> 28 | J84: =COUNTIF(J5:J83,"<>") -> 0 | K84: =COUNTIF(K5:K83,"<>") -> 10 | L84: =COUNTIF(L5:L83,"<>") -> 10 | M84: =COUNTIF(M5:M83,"<>") -> 14 | N84: =COUNTIF(N5:N83,"<>") -> 6 | O84: =COUNTIF(O5:O83,"<>") -> 14 | P84: =COUNTIF(P5:P83,"<>") -> 4 | ... AP84: =COUNTIF(AP5:AP83,"<>") -> 41
H86: =COUNTIF(member_level, "Charter") -> 3 | AQ86: Charter
H87: =COUNTIF(member_level, "Core") -> 10 | AQ87: Core
H88: =COUNTIF(member_level, "Associate") -> 37 | AQ88: Associate
H89: =COUNTIF(member_level, "Startup Plus") -> 0 | AQ89: Startup Plus
H90: =COUNTIF(member_level, "StartUp") -> 26 | AQ90: Startup

Sheet Members from Weekly Report
A1: company_name | B1: Join_Date | C1: URL | D1: Level | E1: Industry | F1: Company_Status | G1: Prim | H1: Secondary | I1: PR | J1: Billing | K1: Marketing | L1: Technical | M1: Showcase | N1: Title | O1: First_Name | P1: Last_Name | Q1: Email | R1: Phone | S1: Address1 | T1: Address2 | U1: City | V1: State_Province | W1: Country | X1: postalCode | Y1: Contact_Status
A2: ACERTA ANALYTICS SOLUTIONS, INC. | B2: 2021-12-14T00:00:00-06:00 | C2: https://acerta.ai | D2: Start-up Associate | E2: Other | F2: Current | G2: YES | N2: CEO | O2: Greta | P2: Cutulenco | Q2: gcutulenco@acerta.ai | R2: 5197295543 | S2: 30 DUKE STREET WEST | T2: SUITE 605 | U2: Kitchener | V2: Ontario | W2: Canada | X2: N2H 3W5 | Y2: Active
A3: ACERTA ANALYTICS SOLUTIONS, INC. | B3: 2021-12-14T00:00:00-06:00 | C3: https://acerta.ai | D3: Start-up Associate | E3: Other | F3: Current | J3: YES | N3: Office Manager | O3: Anne | P3: Lowndes | Q3: finance@acerta.ai | R3: 416-275-4288 | S3: 30 DUKE STREET WEST | T3: SUITE 605 | U3: Kitchener | V3: Ontario | W3: Canada | X3: N2H 3W5 | Y3: Active
A4: ACERTA ANALYTICS SOLUTIONS, INC. | B4: 2021-12-14T00:00:00-06:00 | C4: https://acerta.ai | D4: Start-up Associate | E4: Other | F4: Current | K4: YES | N4: Senior Director of Marketing | O4: Heidi | P4: Marr | Q4: hmarr@acerta.ai | R4: 5195741358 | S4: 30 DUKE STREET WEST | T4: SUITE 605 | U4: KITCHENER | V4: Ontario | W4: Canada | X4: N2H 3W5 | Y4: Active
A5: aicas GmbH | B5: 2023-01-12T00:00:00-06:00 | C5: www.aicas.com | D5: Associate | E5: OSV, Middleware, Hardware & Services Suppliers,Tier 1 | F5: Current | H5: YES | L5: YES | N5: CTO | O5: James | P5: Hunt | Q5: jjh@aicas.com | R5: 4972166396822 | S5: aicas GmbH | T5: Emmy-Noether-Strasse 9 | U5: Karlsruhe | V5: BW | W5: Germany | X5: 71631 | Y5: Active
A6: aicas GmbH | B6: 2023-01-12T00:00:00-06:00 | C6: www.aicas.com | D6: Associate | E6: OSV, Middleware, Hardware & Services Suppliers,Tier 1 | F6: Current | K6: YES | O6: Stefanie | P6: Leich | Q6: stefanie.leich@aicas.com | S6: aicas GmbH | T6: Emmy-Noether-Strasse 9 | U6: Karlsruhe | V6: BW | W6: Germany | X6: 71631 | Y6: Active
A7: aicas GmbH | B7: 2023-01-12T00:00:00-06:00 | C7: www.aicas.com | D7: Associate | E7: OSV, Middleware, Hardware & Services Suppliers,Tier 1 | F7: Current | G7: YES | I7: YES | K7: YES | N7: President & COO | O7: Johannes | P7: Biermann | Q7: johannes.biermann@aicas.com | R7: 4972166396824 | S7: aicas GmbH | T7: Emmy-Noether-Strasse 9 | U7: Karlsruhe | V7: BW | W7: Germany | X7: 71631 | Y7: Active
A8: aicas GmbH | B8: 2023-01-12T00:00:00-06:00 | C8: www.aicas.com | D8: Associate | E8: OSV, Middleware, Hardware & Services Suppliers,Tier 1 | F8: Current | J8: YES | N8: CFO | O8: Oliver | P8: Remus | Q8: oliver.remus@aicas.com | R8: 4972166396827 | S8: aicas GmbH | T8: Emmy-Noether-Strasse 9 | U8: Karlsruhe | V8: BW | W8: Germany | X8: 71631 | Y8: Active
A9: Aiden Automotive Technologies Inc. | B9: 2021-09-30T00:00:00-05:00 | C9: www.aidenabled.com | D9: Start-up Associate | E9: OSV, Middleware, Hardware & Services Suppliers,Other | F9: Current | G9: YES | J9: YES | N9: COO | O9: Syed | P9: Saifullah | Q9: mubeen@aidenabled.com | R9: 5108236414 | S9: 231 Market Place | T9: Suite 226 | U9: San Ramon | V9: California | W9: United States | X9: 94583 | Y9: Active
A10: ALPS ALPINE EUROPE GmbH | B10: 2009-09-04T00:00:00-05:00 | C10: http://www.alpine.com | D10: Associate | E10: Tier 1 | F10: Current | H10: YES | O10: Takeshi | P10: Kurosawa | Q10: t-kurosawa@apn.alpine.co.jp | S10: 20-1 Yoshima Industrial Park | U10: Iwaki | V10: Fukushima | W10: Japan | X10: 970-1192 | Y10: Active
A11: ALPS ALPINE EUROPE GmbH | B11: 2009-09-04T00:00:00-05:00 | C11: http://www.alpine.com | D11: Associate | E11: Tier 1 | F11: Current | I11: YES | K11: YES | O11: Klaus | P11: Eitzenberger | Q11: klaus.eitzenberger@alpine.de | S11: Wilhelm-Wagenfeld Str. 1-3 | U11: Munich | V11: - | W11: Germany | X11: 80807 | Y11: Active
A12: ALPS ALPINE EUROPE GmbH | B12: 2009-09-04T00:00:00-05:00 | C12: http://www.alpine.com | D12: Associate | E12: Tier 1 | F12: Current | G12: YES | J12: YES | O12: Rainer | P12: Fischer | Q12: rainer.fischer@alpine.de | S12: Ohmstr. 4 | U12: Unterschleissheim | V12: . | W12: Germany | X12: 85716 | Y12: Active
A13: ALPS ALPINE EUROPE GmbH | B13: 2009-09-04T00:00:00-05:00 | C13: http://www.alpine.com | D13: Associate | E13: Tier 1 | F13: Current | H13: YES | O13: Kyoichi | P13: Mizukami | Q13: add-mizukami@apn.alpine.co.jp | S13: 20-1 Yoshima Industrial Park | U13: Iwaki | V13: Fukushima | W13: Japan | X13: 970-1192 | Y13: Active
A14: ALPS ALPINE EUROPE GmbH | B14: 2009-09-04T00:00:00-05:00 | C14: http://www.alpine.com | D14: Associate | E14: Tier 1 | F14: Current | L14: YES | O14: Markus | P14: Erhardt | Q14: markus.erhardt@alpine.de | S14: Ohmstr. 4 | U14: Unterschleissheim | V14: . | W14: Germany | X14: 85716 | Y14: Active
A15: ALPS ALPINE EUROPE GmbH | B15: 2009-09-04T00:00:00-05:00 | C15: http://www.alpine.com | D15: Associate | E15: Tier 1 | F15: Current | H15: YES | O15: Osamu | P15: Kazama | Q15: o-kazama@apn.alpine.co.jp | S15: 20-1 Yoshima Industrial Park | U15: Iwaki | V15: Fukushima | W15: Japan | X15: 970-1192 | Y15: Active
A16: Altia, Inc. | B16: 2017-07-31T00:00:00-05:00 | C16: http://www.altia.com | D16: Associate | E16: OSV, Middleware, Hardware & Services Suppliers,Other | F16: Current | H16: YES | N16: VP of Marketing | O16: Jason | P16: Williamson | Q16: jasonw@altia.com | R16: 719-598-4299 | S16: 111 S Tejon St | T16: Suite 204 | U16: Colorado Springs | V16: Colorado | W16: United States | X16: 80903 | Y16: Active
A17: Altia, Inc. | B17: 2017-07-31T00:00:00-05:00 | C17: http://www.altia.com | D17: Associate | E17: OSV, Middleware, Hardware & Services Suppliers,Other | F17: Current | G17: YES | N17: Director of Marketing Communications | O17: Cheryl | P17: Falk | Q17: cherylf@altia.com | R17: 719-598-4299 | S17: 111 S Tejon St | T17: Suite 204 | U17: Colorado Springs | V17: Colorado | W17: United States | X17: 80903 | Y17: Active
A18: Altia, Inc. | B18: 2017-07-31T00:00:00-05:00 | C18: http://www.altia.com | D18: Associate | E18: OSV, Middleware, Hardware & Services Suppliers,Other | F18: Current | J18: YES | N18: Accounts Payable | O18: Accounts | P18: Payable | Q18: accountspayable@altia.com | R18: 719-598-4299 | S18: 111 S Tejon St | T18: Suite 204 | U18: Colorado Springs | V18: Colorado | W18: United States | X18: 80903 | Y18: Active
A19: ANELLO Photonics | B19: 2022-03-01T00:00:00-06:00 | C19: www.anellophotonics.com | D19: Start-up Associate | E19: Silicon or Semiconductor,Tier 1 | F19: Current | G19: YES | I19: YES | J19: YES | K19: YES | L19: YES | N19: VP Business Development and Partnerships | O19: Gerhard | P19: Boiciuc | Q19: gerhard.boiciuc@anellophotonics.com | R19: 13125055356 | S19: 4699 Old Ironsides Drive | T19: Suite 150 | U19: Santa Clara | V19: California | W19: United States | X19: 95054 | Y19: Active
A20: ANELLO Photonics | B20: 2022-03-01T00:00:00-06:00 | C20: www.anellophotonics.com | D20: Start-up Associate | E20: Silicon or Semiconductor,Tier 1 | F20: Current | H20: YES | N20: VP of Operations | O20: Kevin | P20: Sullivan | Q20: kevin@anellophotonics.com | R20: 13125055356 | S20: 4699 Old Ironsides Drive | T20: Suite 150 | U20: Santa Clara | V20: California | W20: United States | X20: 95054 | Y20: Active
A21: ANSYS, Inc. | B21: 2022-12-22T00:00:00-06:00 | C21: www.ansys.com | D21: Associate | E21: Other,OSV, Middleware, Hardware & Services Suppliers | F21: Current | J21: YES | K21: YES | N21: Accounts Payable | O21: Susan | P21: Gaydos | Q21: na-payables@ansys.com | R21: 7247463304 | S21: 2600 Ansys Drive | U21: Canonsburg | V21: Pennsylvania | W21: United States | X21: 15317 | Y21: Active
A22: ANSYS, Inc. | B22: 2022-12-22T00:00:00-06:00 | C22: www.ansys.com | D22: Associate | E22: Other,OSV, Middleware, Hardware & Services Suppliers | F22: Current | G22: YES | O22: Elaine | P22: DiLisio | Q22: elaine.dilisio@ansys.com | S22: 2600 Ansys Drive | U22: Canonsburg | V22: Pennsylvania | W22: United States | X22: 15317 | Y22: Active
A23: Aptiv Services Deutschland GmbH | B23: 2009-03-16T00:00:00-05:00 | D23: Associate | E23: Tier 1 | F23: Current | G23: YES | O23: Florian | P23: Baumann | Q23: florian.baumann@aptiv.com | S23: Hildesheim Technical Center | T23: Am Technologiepark 1 | U23: Wuppertal | W23: Germany | X23: 42119 | Y23: Active
A24: Aptiv Services Deutschland GmbH | B24: 2009-03-16T00:00:00-05:00 | D24: Associate | E24: Tier 1 | F24: Current | J24: YES | O24: Lidia | P24: Constantin | Q24: lidia.constantin@aptiv.com | S24: Hildesheim Technical Center | T24: Am Technologiepark 1 | U24: Wuppertal | W24: Germany | X24: 42119 | Y24: Active
A25: Area X.O operated by Invest Ottawa | B25: 2022-06-07T00:00:00-05:00 | C25: http://www.areaxo.com | D25: Start-up Associate | E25: OSV, Middleware, Hardware & Services Suppliers | F25: Current | G25: YES | I25: YES | J25: YES | K25: YES | N25: Vice President, Strategy, Marketing and Communications | O25: Sonya | P25: Shorey | Q25: sshorey@investottawa.ca | R25: 6138519416 | S25: 7 Bayview Station Rd. | U25: Ottawa | V25: Ontario | W25: Canada | X25: K1Y 3B5 | Y25: Active
A26: Area X.O operated by Invest Ottawa | B26: 2022-06-07T00:00:00-05:00 | C26: http://www.areaxo.com | D26: Start-up Associate | E26: OSV, Middleware, Hardware & Services Suppliers | F26: Current | H26: YES | N26: President and CEO | O26: Michael | P26: Tremblay | Q26: mtremblay@investottawa.ca | R26: 613.292.6574 | S26: 7 Bayview Station Rd. | U26: Ottawa | V26: Ontario | W26: Canada | X26: K1Y 3B5 | Y26: Active
A27: Area X.O operated by Invest Ottawa | B27: 2022-06-07T00:00:00-05:00 | C27: http://www.areaxo.com | D27: Start-up Associate | E27: OSV, Middleware, Hardware & Services Suppliers | F27: Current | L27: YES | N27: Strategic Market Director, Area X.O | O27: Kelly | P27: Daize | Q27: kdaize@investottawa.ca | R27: 613-878-3126 | S27: 7 Bayview Station Rd. | U27: Ottawa | V27: Ontario | W27: Canada | X27: K1Y 3B5 | Y27: Active
A28: ARM LTD | B28: 2010-01-27T00:00:00-06:00 | C28: http://www.arm.com/ | D28: Associate | E28: Silicon or Semiconductor | F28: Current | J28: YES | O28: Girish | P28: Shirasat | Q28: Girish.Shirasat@arm.com | S28: Bretonischer Ring 16 | U28: Munich | V28: Grasbrunn | W28: Germany | X28: 85630 | Y28: Active
A29: ARM LTD | B29: 2010-01-27T00:00:00-06:00 | C29: http://www.arm.com/ | D29: Associate | E29: Silicon or Semiconductor | F29: Current | G29: YES | O29: Matt | P29: Spencer | Q29: matt.spencer@arm.com | S29: FAO Accounts Payable | T29: 110 Fulbourn Road | U29: Cambridge | V29: - | W29: United Kingdom | X29: CB1 9NJ | Y29: Active
A30: ARM LTD | B30: 2010-01-27T00:00:00-06:00 | C30: http://www.arm.com/ | D30: Associate | E30: Silicon or Semiconductor | F30: Current | H30: YES | O30: Richard | P30: York | Q30: Richard.York@arm.com | S30: FAO Accounts Payable | T30: 110 Fulbourn Road | U30: Cambridge | V30: - | W30: United Kingdom | X30: CB1 9NJ | Y30: Active
A31: BlackBerry UK Limited | B31: 2023-04-05T00:00:00-05:00 | C31: www.blackberry.com | D31: Associate | E31: OSV, Middleware, Hardware & Services Suppliers | F31: Current | G31: YES | O31: Nick | P31: Russell | Q31: nrussell@blackberry.com | S31: 2300 University Ave. E | U31: Waterloo | V31: Ontario | W31: Canada | X31: N2K 0A2 | Y31: Active
A32: BlackBerry UK Limited | B32: 2023-04-05T00:00:00-05:00 | C32: www.blackberry.com | D32: Associate | E32: OSV, Middleware, Hardware & Services Suppliers | F32: Current | J32: YES | O32: Accounts | P32: Payable | Q32: accountspayable@blackberry.com | S32: 2300 University Ave. E | U32: Waterloo | V32: Ontario | W32: Canada | X32: N2K 0A2 | Y32: Active
A33: BMW AG | B33: 2009-03-16T00:00:00-05:00 | C33: http://www.bmw.com | D33: Charter | E33: OEM | F33: Current | H33: YES | K33: YES | L33: YES | N33: - | O33: Graham | P33: Smethurst | Q33: graham.smethurst@bmw.de | R33: 89.382.52307 | S33: Max-Diamand Strasse 13 | U33: Munich | V33: Bavaria | W33: Germany | X33: 80937 | Y33: Active
A34: BMW AG | B34: 2009-03-16T00:00:00-05:00 | C34: http://www.bmw.com | D34: Charter | E34: OEM | F34: Current | G34: YES | J34: YES | O34: Jochen | P34: Boehm | Q34: Jochen.Boehm@bmw.de | S34: Kreditorische Abrechnung | U34: MÃ¼nchen | V34: - | W34: Germany | X34: 80788 | Y34: Active
A35: Cinemo GmbH | B35: 2009-12-04T00:00:00-06:00 | C35: http://www.cinemo.com | D35: Associate | E35: OSV, Middleware, Hardware & Services Suppliers | F35: Current | H35: YES | N35: Vice President Product & Business Development | O35: Ivan | P35: Dimkovic | Q35: idimkovic@cinemo.com | S35: Kaiserstr. 72 | U35: Karlsruhe | V35: - | W35: Germany | X35: 76133 | Y35: Active
A36: Cinemo GmbH | B36: 2009-12-04T00:00:00-06:00 | C36: http://www.cinemo.com | D36: Associate | E36: OSV, Middleware, Hardware & Services Suppliers | F36: Current | G36: YES | I36: YES | J36: YES | K36: YES | L36: YES | N36: VP Sales and Operations | O36: Elif | P36: EdÃ© | Q36: eede@cinemo.com | R36: +49 175 2449 053 | S36: Kaiserstr. 72 | U36: Karlsruhe | V36: - | W36: Germany | X36: 76133 | Y36: Active
A37: COVESA | B37: 2018-03-01T00:00:00-06:00 | D37: Core 2022 | F37: Current | G37: YES | J37: YES | O37: Steve | P37: Crumb | Q37: scrumb@genivi.org | S37: 2400 Camino Ramon | U37: San Ramon | V37: California | W37: United States | X37: 94583 | Y37: Active
A38: CTAG | B38: 2010-11-29T00:00:00-06:00 | C38: http://www.ctag.com | D38: Associate | E38: OSV, Middleware, Hardware & Services Suppliers | F38: Current | G38: YES | J38: YES | O38: Carlos | P38: Rosales | Q38: carlos.rosales@ctag.com | S38: Polfgono Industrial a Granxa Calle A | T38: Parcelan 249-250 | U38: Porrifio | V38: Pontevedra | W38: Spain | X38: 36400 | Y38: Active
A39: CTAG | B39: 2010-11-29T00:00:00-06:00 | C39: http://www.ctag.com | D39: Associate | E39: OSV, Middleware, Hardware & Services Suppliers | F39: Current | I39: YES | K39: YES | N39: Electronica and ITS Director | O39: Francisco | P39: Sanchez | Q39: francisco.sanchez@ctag.com | R39: 34986900300 | S39: Polfgono Industrial a Granxa Calle A | T39: Parcelan 249-250 | U39: Porrifio | V39: Pontevedra | W39: Spain | X39: 36400 | Y39: Active
A40: CYMOTIVE Technologies | B40: 2022-04-05T00:00:00-05:00 | C40: https://www.cymotive.com/ | D40: Start-up Associate | E40: OSV, Middleware, Hardware & Services Suppliers,Other | F40: Current | G40: YES | N40: Head of Marketing | O40: Susan | P40: Becker | Q40: susan.becker@cymotive.com | R40: 972504747895 | S40: 94 Yigal Alon Street | T40: Tower 1 | U40: Tel Aviv | W40: Israel | X40: 6789155 | Y40: Active
A41: CYMOTIVE Technologies | B41: 2022-04-05T00:00:00-05:00 | C41: https://www.cymotive.com/ | D41: Start-up Associate | E41: OSV, Middleware, Hardware & Services Suppliers,Other | F41: Current | H41: YES | N41: Senior Director Business Development | O41: Gilad | P41: Bandel | Q41: gilad.bandel@cymotive.com | R41: 972542460006 | S41: 94 Yigal Alon Street | T41: Tower 1 | U41: Tel Aviv | W41: Israel | X41: 6789155 | Y41: Active
A42: CYMOTIVE Technologies | B42: 2022-04-05T00:00:00-05:00 | C42: https://www.cymotive.com/ | D42: Start-up Associate | E42: OSV, Middleware, Hardware & Services Suppliers,Other | F42: Current | J42: YES | N42: CFO | O42: Gal | P42: Buzyn | Q42: gal.buzyn@cymotive.com | R42: 972795729960 | S42: 94 Yigal Alon Street | T42: Tower 1 | U42: Tel Aviv | W42: Israel | X42: 6789155 | Y42: Active
A43: DarkStar Vision, Inc. | B43: 2022-11-15T00:00:00-06:00 | C43: www.darkstarvision.com | D43: Start-up Associate | E43: OSV, Middleware, Hardware & Services Suppliers | F43: Current | G43: YES | N43: Director | O43: Murray | P43: Wikol | Q43: murray@darkstarvision.com | R43: 1-248-310-5955 | S43: 6632 Telegraph Rd. | T43: Suite 350 | U43: Bloomfield Hills | V43: Michigan | W43: United States | X43: 48301 | Y43: Active
A44: DarkStar Vision, Inc. | B44: 2022-11-15T00:00:00-06:00 | C44: www.darkstarvision.com | D44: Start-up Associate | E44: OSV, Middleware, Hardware & Services Suppliers | F44: Current | H44: YES | I44: YES | K44: YES | N44: Program Manager | O44: Shanti | P44: Matulewski | Q44: shanti@darkstarvision.com | R44: 512-775-2206 | S44: 9225 Bee Caves Rd. | T44: Building A, First Floor | U44: Austin | V44: Texas | W44: United States | X44: 78733 | Y44: Active
A45: DarkStar Vision, Inc. | B45: 2022-11-15T00:00:00-06:00 | C45: www.darkstarvision.com | D45: Start-up Associate | E45: OSV, Middleware, Hardware & Services Suppliers | F45: Current | J45: YES | L45: YES | N45: CEO | O45: Joe | P45: Scalisi | Q45: joe@darkstarvision.com | R45: 1-714-883-1867 | S45: 9225 Bee Caves Rd. | T45: Building A, First Floor | U45: Austin | V45: Texas | W45: United States | X45: 78733 | Y45: Active
A46: Dassault SystÃ¨mes | B46: 2023-03-10T00:00:00-06:00 | C46: www.3ds.com | D46: Associate | E46: OSV, Middleware, Hardware & Services Suppliers | F46: Current | G46: YES | N46: T&M Industry Solution Experience Director | O46: Frederic | P46: Merceron | Q46: frederic.merceron@3ds.com | R46: 33633935252 | S46: 10 rue Marcel Dassault | T46: Paris Campus | U46: Velizy Villacoublay | W46: France | X46: 92310 | Y46: Active
A47: Dassault SystÃ¨mes | B47: 2023-03-10T00:00:00-06:00 | C47: www.3ds.com | D47: Associate | E47: OSV, Middleware, Hardware & Services Suppliers | F47: Current | J47: YES | N47: NAM PTP Accounts Payable Manager | O47: Morgan | P47: Macaulay | Q47: NAM.Payables@3ds.com | R47: 17818103000 | S47: DS Americas Corp. | T47: 175 Wyman St | U47: Waltham | V47: Massachusetts | W47: United States | X47: 2451 | Y47: Active
A48: Dassault SystÃ¨mes | B48: 2023-03-10T00:00:00-06:00 | C48: www.3ds.com | D48: Associate | E48: OSV, Middleware, Hardware & Services Suppliers | F48: Current | L48: YES | N48: Solution Manager | O48: Julio | P48: Leyva | Q48: Julio.Leyva@3ds.com | R48: 33161626162 | S48: 10 rue Marcel Dassault | T48: Paris Campus | U48: Velizy Villacoublay | W48: France | X48: 92310 | Y48: Active
A49: Denso Corporation | B49: 2011-03-04T00:00:00-06:00 | C49: http://www.denso.co.jp | D49: Core | E49: Tier 1 | F49: Current | L49: YES | N49: Project General Manager | O49: Ken | P49: Yaguchi | Q49: ken.yaguchi.j4z@jp.denso.com | R49: =81-566-20-3249 -> -3754 | S49: ITS R&D Department | T49: 1-1 Showa-cho | U49: Kariya | V49: Aichi | W49: Japan | X49: 444-8661 | Y49: Active
A50: Denso Corporation | B50: 2011-03-04T00:00:00-06:00 | C50: http://www.denso.co.jp | D50: Core | E50: Tier 1 | F50: Current | G50: YES | O50: Kazuo | P50: Tsubouchi | Q50: kazuo.tsubouchi.j2f@jp.denso.com | S50: ITS R&D Department | T50: 1-1 Showa-cho | U50: Kariya | V50: Aichi | W50: Japan | X50: 444-8661 | Y50: Active
A51: Denso Corporation | B51: 2011-03-04T00:00:00-06:00 | C51: http://www.denso.co.jp | D51: Core | E51: Tier 1 | F51: Current | J51: YES | O51: Nobuhiko | P51: Tanibata | Q51: nobuhiko.tanibata.j7g@jp.denso.com | S51: ITS R&D Department | T51: 1-1 Showa-cho | U51: Kariya | V51: Aichi | W51: Japan | X51: 444-8661 | Y51: Active
A52: Elektrobit | B52: 2023-01-13T00:00:00-06:00 | C52: http://www.elektrobit.com | D52: Associate | E52: OSV, Middleware, Hardware & Services Suppliers | F52: Current | G52: YES | N52: Director, Business Development | O52: Rex | P52: Struble | Q52: rex.struble@elektrobit.com | R52: 248-635-9448 | S52: 34705 Twelve Mile Road, Suite 100 | U52: Farmington Hills | V52: Michigan | W52: United States | X52: 48331 | Y52: Active
A53: Elektrobit | B53: 2023-01-13T00:00:00-06:00 | C53: http://www.elektrobit.com | D53: Associate | E53: OSV, Middleware, Hardware & Services Suppliers | F53: Current | H53: YES | I53: YES | K53: YES | N53: Head of Marketing, Americas | O53: Sharon | P53: Beyerlein | Q53: sharon.beyerlein@elektrobit.com | R53: 4252865202 | S53: 18911 North Creek Parkway | T53: Suite 100 | U53: Bothell | V53: Washington | W53: United States | X53: 98011 | Y53: Active
A54: Elektrobit | B54: 2023-01-13T00:00:00-06:00 | C54: http://www.elektrobit.com | D54: Associate | E54: OSV, Middleware, Hardware & Services Suppliers | F54: Current | J54: YES | N54: Sr. Accountant | O54: Nikki | P54: Mitchell | Q54: nikki.mitchell@elektrobit.com | R54: 425-289-8534 | S54: 18911 North Creek Parkway | T54: Suite 100 | U54: Bothell | V54: Washington | W54: United States | X54: 98011 | Y54: Active
A55: Emergency Safety Solutions, Inc. | B55: 2022-05-18T00:00:00-05:00 | C55: https://ess-help.com | D55: Start-up Associate | E55: OSV, Middleware, Hardware & Services Suppliers,Other | F55: Current | G55: YES | I55: YES | J55: YES | K55: YES | N55: Director of Communications | O55: Craig | P55: Keller | Q55: ckeller@ess-help.com | R55: 8474767543 | S55: 825 Town and Country Lane | T55: Suite 1200 | U55: Houston | V55: Texas | W55: United States | X55: 77024 | Y55: Active
A56: Emergency Safety Solutions, Inc. | B56: 2022-05-18T00:00:00-05:00 | C56: https://ess-help.com | D56: Start-up Associate | E56: OSV, Middleware, Hardware & Services Suppliers,Other | F56: Current | H56: YES | L56: YES | N56: Chief Operating Officer | O56: Stephen | P56: Powers | Q56: spowers@ess-help.com | R56: 7135162252 | S56: 825 Town and Country Lane | T56: Suite 1200 | U56: Houston | V56: Texas | W56: United States | X56: 77024 | Y56: Active
A57: Endava | C57: www.Endava.com | D57: Associate | E57: OSV, Middleware, Hardware & Services Suppliers,Other | F57: New Not Paid | G57: YES | N57: SVP North America Mobility | O57: Scott | P57: Trometer | Q57: scott.trometer@endava.com | R57: 3174219202 | S57: 757 Third Avenue, Suite 1901 | U57: New York | V57: New York | W57: United States | X57: 10017 | Y57: Active
A58: Endava | C58: www.Endava.com | D58: Associate | E58: OSV, Middleware, Hardware & Services Suppliers,Other | F58: New Not Paid | J58: YES | N58: Program and Portfolio Management | O58: Andres | P58: Gomez Rojas | Q58: andres.gomezrojas@endava.com | R58: +57 3152575839 | S58: 757 Third Avenue, Suite 1901 | U58: New York | V58: New York | W58: United States | X58: 10017 | Y58: Active
A59: ETRI(Electronics and Telecommunications Research Institute) | B59: 2022-08-30T00:00:00-05:00 | C59: https://www.etri.re.kr/eng/main/main.etri | D59: Associate | E59: Other,OSV, Middleware, Hardware & Services Suppliers | F59: Current | G59: YES | I59: YES | J59: YES | K59: YES | L59: YES | N59: Principal research staff | O59: Wonsuk | P59: Lee | Q59: wonsuk.lee@etri.re.kr | R59: =82-10-5800-3997 -> -9725 | S59: 218 Gajeong-ro, Yuseong-gu | U59: Daejeon | W59: South Korea | X59: 34129 | Y59: Active
A60: EVware | B60: 2022-03-15T00:00:00-05:00 | C60: www.sparrowhmi.com | D60: Start-up Associate | E60: OSV, Middleware, Hardware & Services Suppliers | F60: Current | G60: YES | N60: Director | O60: Chris | P60: Connell | Q60: chris.connell@sparrowhmi.com | R60: 447888999216 | S60: 16 Cole Street | U60: London | W60: United Kingdom | X60: SE1 4YH | Y60: Active
A61: EVware | B61: 2022-03-15T00:00:00-05:00 | C61: www.sparrowhmi.com | D61: Start-up Associate | E61: OSV, Middleware, Hardware & Services Suppliers | F61: Current | J61: YES | N61: Director | O61: Chris | P61: Connell | Q61: finance@conjure.co.uk | R61: 447888999216 | S61: 16 Cole Street | U61: London | W61: United Kingdom | X61: SE1 4YH | Y61: Active
A62: Ford Motor Company | B62: 2021-12-10T00:00:00-06:00 | C62: ford.com | D62: Charter | E62: OEM | F62: Current | G62: YES | I62: YES | K62: YES | L62: YES | N62: Global Director of Tech Strategy and Embedded Experience | O62: Matt | P62: Jones | Q62: mjone308@ford.com | R62: 971-282-1899 | S62: 1 American Road | U62: Dearborn | V62: Michigan | W62: United States | X62: 48126 | Y62: Active
A63: Ford Motor Company | B63: 2021-12-10T00:00:00-06:00 | C63: ford.com | D63: Charter | E63: OEM | F63: Current | H63: YES | N63: Manager Central Software | O63: Eileen | P63: Davidson | Q63: edavids2@ford.com | R63: 313-805-8531 | S63: 1 American Road | U63: Dearborn | V63: Michigan | W63: United States | X63: 48126 | Y63: Active
A64: Ford Motor Company | B64: 2021-12-10T00:00:00-06:00 | C64: ford.com | D64: Charter | E64: OEM | F64: Current | J64: YES | O64: Lisa | P64: Davis | Q64: ldavis15@ford.com | S64: 1 American Road | U64: Dearborn | V64: Michigan | W64: United States | X64: 48126 | Y64: Active
A65: Forvia - Faurecia Clarion Electronics | B65: 2023-08-01T00:00:00-05:00 | C65: https://forvia.com/ | D65: Core | E65: Tier 1 | F65: Current | G65: YES | J65: YES | N65: Innovation and Partnerships Senior Manager | O65: Camille | P65: Ghibaudo | Q65: camille.ghibaudo@forvia.com | R65: +33 6 24 57 29 65 | S65: 40 avenue des Terroirs de France | T65: BÃ¢timent LumiÃ¨re - 4e Ã©tage | U65: Paris | W65: France | X65: 75012 | Y65: Active
A66: Forvia - Faurecia Clarion Electronics | B66: 2023-08-01T00:00:00-05:00 | C66: https://forvia.com/ | D66: Core | E66: Tier 1 | F66: Current | H66: YES | L66: YES | N66: Aptoide Automotive Deputy General Manager | O66: Thomas | P66: Belin | Q66: thomas.belin@forvia.com | R66: 33689209158 | S66: 40 avenue des Terroirs de France | T66: BÃ¢timent LumiÃ¨re - 4e Ã©tage | U66: Paris | W66: France | X66: 75012 | Y66: Active
A67: Garmin International, Inc. | B67: 2010-02-04T00:00:00-06:00 | C67: http://www.garmin.com | D67: Associate | E67: Tier 1 | F67: Current | I67: YES | N67: Corporate Communications Senior Manager | O67: Ted | P67: Gartner | Q67: ted.gartner@garmin.com | R67: 913-440-1240 | S67: 1200 E. 151st Street | U67: Olathe | V67: Kansas | W67: United States | X67: 66062 | Y67: Active
A68: Garmin International, Inc. | B68: 2010-02-04T00:00:00-06:00 | C68: http://www.garmin.com | D68: Associate | E68: Tier 1 | F68: Current | K68: YES | N68: Director Mobile & OEM Marketing | O68: Roger | P68: Jollis | Q68: roger.jollis@garmin.com | R68: 913-440-2089 | S68: 1200 E. 151st Street | U68: Olathe | V68: Kansas | W68: United States | X68: 66062 | Y68: Active
A69: Garmin International, Inc. | B69: 2010-02-04T00:00:00-06:00 | C69: http://www.garmin.com | D69: Associate | E69: Tier 1 | F69: Current | G69: YES | O69: Eugene | P69: Kheyfets | Q69: Eugene.kheyfets@garmin.com | S69: 21680 Gateway Center Drive | T69: Suite 170 | U69: Diamond Bar | V69: California | W69: United States | X69: 91765 | Y69: Active
A70: Garmin International, Inc. | B70: 2010-02-04T00:00:00-06:00 | C70: http://www.garmin.com | D70: Associate | E70: Tier 1 | F70: Current | J70: YES | O70: Lori | P70: Burghart | Q70: Lori.Burghart@garmin.com | R70: 913-440-5067 | S70: 1200 E. 151st Street | U70: Olathe | V70: Kansas | W70: United States | X70: 66062 | Y70: Active
A71: Geotab | B71: 2020-11-04T00:00:00-06:00 | C71: https://www.geotab.com | D71: Core | E71: OSV, Middleware, Hardware & Services Suppliers,Other | F71: Current | G71: YES | J71: YES | N71: VP Product Safety | O71: Glenn | P71: Atkinson | Q71: glennatkinson@geotab.com | R71: 6472086305 | S71: 2440 Winston Park Drive | U71: Oakville | V71: Ontario | W71: Canada | X71: L6H7V2 | Y71: Active
A72: Geotab | B72: 2020-11-04T00:00:00-06:00 | C72: https://www.geotab.com | D72: Core | E72: OSV, Middleware, Hardware & Services Suppliers,Other | F72: Current | H72: YES | N72: Manager Product Safety | O72: Harjot | P72: Singh | Q72: harjotsingh@geotab.com | R72: 6475016665 | S72: 2440 Winston Park Drive | U72: Oakville | V72: Ontario | W72: Canada | X72: L6H7V2 | Y72: Active
A73: Geotab | B73: 2020-11-04T00:00:00-06:00 | C73: https://www.geotab.com | D73: Core | E73: OSV, Middleware, Hardware & Services Suppliers,Other | F73: Current | K73: YES | N73: Government Affairs Manager | O73: Stephen | P73: Woodring | Q73: stephenwoodring@geotab.com | R73: 2022587737 | S73: 13390E, St, SE Suite 314 | U73: Washinton DC | V73: Washington | W73: United States | X73: 20003 | Y73: Active
A74: GitHub | B74: 2017-07-25T00:00:00-05:00 | C74: http://www.github.com | D74: Associate | E74: OSV, Middleware, Hardware & Services Suppliers,Other | F74: Current | G74: YES | J74: YES | N74: Regional Sales Director | O74: Clay | P74: Nelson | Q74: claynelson@github.com | R74: 404-966-7817 | S74: 88 Colin P Kelly Jr Street | U74: San Francisco | V74: California | W74: United States | X74: 94107 | Y74: Active
A75: GitHub | B75: 2017-07-25T00:00:00-05:00 | C75: http://www.github.com | D75: Associate | E75: OSV, Middleware, Hardware & Services Suppliers,Other | F75: Current | L75: YES | N75: Solutions Engineering Manager | O75: Aziz | P75: Shamin | Q75: azizshamin@github.com | R75: 484 3344855 | S75: 88 Colin P Kelly Jr Street | U75: San Francisco | V75: California | W75: United States | X75: 94107 | Y75: Active
A76: GitHub | B76: 2017-07-25T00:00:00-05:00 | C76: http://www.github.com | D76: Associate | E76: OSV, Middleware, Hardware & Services Suppliers,Other | F76: Current | K76: YES | N76: Director, Field and Channel Marketing | O76: Aki | P76: Naito | Q76: akinaito@github.com | R76: 203 5437836 | S76: 88 Colin P Kelly Jr Street | U76: San Francisco | V76: California | W76: United States | X76: 94107 | Y76: Active
A77: GM Global Technology Operations LLC | B77: 2023-07-03T00:00:00-05:00 | C77: http://www.gm.com | D77: Core | E77: OEM | F77: Current | G77: YES | J77: YES | N77: Engineering Group Leader | O77: John | P77: Sergakis | Q77: john.sergakis@gm.com | S77: 300 Renaissance Center Dr | T77: Mail Code 482-C22-A68 | U77: Detroit | V77: Michigan | W77: United States | X77: 48265 | Y77: Active
A78: Grape Up | B78: 2022-09-01T00:00:00-05:00 | C78: http://www.grapeup.com | D78: Associate | E78: Other,OSV, Middleware, Hardware & Services Suppliers | F78: Current | G78: YES | I78: YES | K78: YES | N78: Head of Business Development | O78: Marcin | P78: Wisniewski | Q78: marcin.wisniewski@grapeup.com | R78: 48530250478 | S78: Gabrieli Zapolskiej 44 | T78: Gabrieli Zapolskiej 44 | U78: KrakÃ³w | V78: Malopolska | W78: Poland | X78: 30-126 | Y78: Active
A79: Grape Up | B79: 2022-09-01T00:00:00-05:00 | C79: http://www.grapeup.com | D79: Associate | E79: Other,OSV, Middleware, Hardware & Services Suppliers | F79: Current | H79: YES | L79: YES | N79: Head of Automotive RnD | O79: Adam | P79: Kozlowski | Q79: adam.kozlowski@grapeup.com | R79: 48514116598 | S79: Gabrieli Zapolskiej 44 | T79: Gabrieli Zapolskiej 44 | U79: KrakÃ³w | V79: Malopolska | W79: Poland | X79: 30-126 | Y79: Active
A80: Grape Up | B80: 2022-09-01T00:00:00-05:00 | C80: http://www.grapeup.com | D80: Associate | E80: Other,OSV, Middleware, Hardware & Services Suppliers | F80: Current | J80: YES | N80: Head of Finance | O80: Piotr | P80: Kowal | Q80: piotr.kowal@grapeup.com | R80: 48530842190 | S80: Gabrieli Zapolskiej 44 | T80: Gabrieli Zapolskiej 44 | U80: KrakÃ³w | V80: Malopolska | W80: Poland | X80: 30-126 | Y80: Active
A81: GreenV Mobilidade Eletrica Brasil SA | B81: 2022-12-23T00:00:00-06:00 | C81: www.greenv.com.br | D81: Start-up Associate | E81: OSV, Middleware, Hardware & Services Suppliers,OEM | F81: Current | G81: YES | I81: YES | J81: YES | K81: YES | L81: YES | N81: CEO | O81: Ariovaldo | P81: Junior | Q81: junior.miranda@greenv.com.br | R81: 5511980656083 | S81: Av. Dra. Ruth Cardoso, 6783 | T81: Pinheiros, SÃ£o Paulo - SP | U81: SÃ£o Paulo | V81: SP | W81: Brazil | X81: 05425-070 | Y81: Active
A82: GreenV Mobilidade Eletrica Brasil SA | B82: 2022-12-23T00:00:00-06:00 | C82: www.greenv.com.br | D82: Start-up Associate | E82: OSV, Middleware, Hardware & Services Suppliers,OEM | F82: Current | H82: YES | N82: Head Customer Experience | O82: Zeno | P82: Nadal | Q82: zeno.nadal@greenv.com.br | R82: =551191315-4933 -> 551186382 | S82: Av. Dra. Ruth Cardoso, 6783 | T82: Pinheiros, SÃ£o Paulo - SP | U82: SÃ£o Paulo | V82: SP | W82: Brazil | X82: 05425-070 | Y82: Active
A83: HAAS Alert | B83: 2016-12-07T00:00:00-06:00 | C83: http://www.haasalert.com | D83: Start-up Associate | E83: OSV, Middleware, Hardware & Services Suppliers,Tier 1 | F83: Current | G83: YES | J83: YES | L83: YES | N83: CEO and Co-Founder | O83: Cory | P83: Hohs | Q83: cory@haasalert.com | R83: 7739363389 | S83: 1651 N Whipple | U83: Chicago | V83: Illinois | W83: United States | X83: 60647 | Y83: Active
A84: HAAS Alert | B84: 2016-12-07T00:00:00-06:00 | C84: http://www.haasalert.com | D84: Start-up Associate | E84: OSV, Middleware, Hardware & Services Suppliers,Tier 1 | F84: Current | H84: YES | I84: YES | K84: YES | N84: COO and Co-Founder | O84: Noah | P84: Levens | Q84: noah@haasalert.com | R84: 7734500838 | S84: 1651 N Whipple | U84: Chicago | V84: Illinois | W84: United States | X84: 60647 | Y84: Active
A85: Harmonic Financial Technology | B85: 2023-05-31T00:00:00-05:00 | C85: https://www.harmonicft.com/ | D85: Start-up Associate | E85: Other | F85: Current | G85: YES | J85: YES | N85: CEO | O85: Andrew | P85: Drake | Q85: andrew@harmonicft.com | R85: 510-520-2898 | S85: 2201 BROADWAY | T85: STE 705 | U85: OAKLAND | V85: California | W85: United States | X85: 94612 | Y85: Active
A86: Harmonic Financial Technology | B86: 2023-05-31T00:00:00-05:00 | C86: https://www.harmonicft.com/ | D86: Start-up Associate | E86: Other | F86: Current | H86: YES | I86: YES | K86: YES | N86: CMO | O86: Kate | P86: Connally | Q86: kate@harmonicft.com | R86: 415-845-5283 | S86: 2201 BROADWAY | T86: STE 705 | U86: OAKLAND | V86: California | W86: United States | X86: 94612 | Y86: Active
A87: Harmonic Financial Technology | B87: 2023-05-31T00:00:00-05:00 | C87: https://www.harmonicft.com/ | D87: Start-up Associate | E87: Other | F87: Current | L87: YES | N87: CTO | O87: Doug | P87: Reed | Q87: doug@harmonicft.com | R87: 415-341-6363 | S87: 2201 BROADWAY | T87: STE 705 | U87: OAKLAND | V87: California | W87: United States | X87: 94612 | Y87: Active
A88: Honda R&D Europe | B88: 2011-04-29T00:00:00-05:00 | C88: http://world.honda.com/ | D88: Associate | E88: OEM | F88: Current | G88: YES | J88: YES | N88: Project Researcher | O88: Cheree Anne | P88: Schepp | Q88: cheree_anne_schepp@de.hrdeu.com | R88: 1149069890110 | S88: Carl-Legien-Strasse 30 | U88: Offenbach | V88: - | W88: Germany | X88: D-63073 | Y88: Active
A89: Humanising Autonomy | B89: 2022-04-04T00:00:00-05:00 | C89: https://www.humanisingautonomy.com/ | D89: Start-up Associate | E89: Other,OSV, Middleware, Hardware & Services Suppliers | F89: Current | G89: YES | J89: YES | K89: YES | N89: VP, Marketing | O89: Kim | P89: Vigilia | Q89: kim@humanisingautonomy.com | R89: 07792 132513 | S89: Somerset House | U89: London | W89: United Kingdom | X89: HA4 7UL | Y89: Active
A90: Hyundai Mobis Co., Ltd | B90: 2011-02-23T00:00:00-06:00 | C90: http://www.mobis.co.kr/eng | D90: Core | E90: Tier 1 | F90: Current | H90: YES | N90: Chief Research Engineer | O90: Taeho | P90: Han | Q90: thhan@mobis.co.kr | R90: 821080214563 | S90: Hyundai Mobis Co., Ltd, 80-9 Mabook-dong | T90: Giheung-gu | U90: Yongin-shi | V90: Gyunggi-do | W90: South Korea | X90: 446-912 | Y90: Active
A91: Hyundai Mobis Co., Ltd | B91: 2011-02-23T00:00:00-06:00 | C91: http://www.mobis.co.kr/eng | D91: Core | E91: Tier 1 | F91: Current | G91: YES | J91: YES | O91: Jin wook | P91: Kwon | Q91: greaper.kwon@mobis.co.kr | S91: Hyundai Mobis Co., Ltd, 80-9 Mabook-dong | T91: Giheung-gu | U91: Yongin-shi | V91: Gyunggi-do | W91: South Korea | X91: 446-912 | Y91: Active
A92: Hyundai Motor Company | B92: 2010-05-03T00:00:00-05:00 | C92: http://www.hyundai.com | D92: Associate | E92: OEM | F92: Current | G92: YES | N92: - | O92: Haeyoung | P92: Kwon | Q92: hykwon@hyundai.com | S92: 772-1, Jangduk-Dong | U92: Hwaseong-Si | V92: Gyeonggi-Do | W92: South Korea | X92: 445-706 | Y92: Active
A93: Hyundai Motor Company | B93: 2010-05-03T00:00:00-05:00 | C93: http://www.hyundai.com | D93: Associate | E93: OEM | F93: Current | H93: YES | O93: Youngwoo | P93: Park | Q93: youngwoo.park@hyundai.com | S93: 772-1, Jangduk-Dong | U93: Hwaseong-Si | V93: Gyeonggi-Do | W93: South Korea | X93: 445-706 | Y93: Active
A94: Hyundai Motor Company | B94: 2010-05-03T00:00:00-05:00 | C94: http://www.hyundai.com | D94: Associate | E94: OEM | F94: Current | J94: YES | O94: Minhyuk | P94: Oh | Q94: oh@hyundai.com | S94: Silicon Valley Accelerator Lab | T94: 150 Hyundaiyeonguso-Ro, Namyang-Eup | U94: Hwaseong-Si | V94: Gyeonggi-Do | W94: South Korea | X94: 18280 | Y94: Active
A95: innovation works | B95: 2022-05-17T00:00:00-05:00 | C95: https://innovationworks.com/ | D95: Start-up Associate | E95: OSV, Middleware, Hardware & Services Suppliers,Other | F95: Current | G95: YES | N95: Business Development | O95: Michael | P95: Blicher | Q95: mike@innovationworks.com | R95: 2487668247 | S95: 41100 Plymouth Road | T95: Ste 345 | U95: Plymouth | V95: Michigan | W95: United States | X95: 48170 | Y95: Active
A96: innovation works | B96: 2022-05-17T00:00:00-05:00 | C96: https://innovationworks.com/ | D96: Start-up Associate | E96: OSV, Middleware, Hardware & Services Suppliers,Other | F96: Current | J96: YES | N96: COO | O96: Bert | P96: Entsminger | Q96: bert@innovationworks.com | R96: 7343559433 | S96: 41100 Plymouth Road | T96: Ste 345 | U96: Plymouth | V96: Michigan | W96: United States | X96: 48170 | Y96: Active
A97: innovation works | B97: 2022-05-17T00:00:00-05:00 | C97: https://innovationworks.com/ | D97: Start-up Associate | E97: OSV, Middleware, Hardware & Services Suppliers,Other | F97: Current | L97: YES | N97: CTO | O97: Aaron | P97: Forsman | Q97: aaron@innovationworks.com | R97: 2146831606 | S97: 41100 Plymouth Road | T97: Ste 345 | U97: Plymouth | V97: Michigan | W97: United States | X97: 48170 | Y97: Active
A98: Intellias Global Limited | B98: 2022-09-09T00:00:00-05:00 | C98: https://intellias.com/ | D98: Associate | E98: OSV, Middleware, Hardware & Services Suppliers | F98: Current | G98: YES | I98: YES | J98: YES | K98: YES | L98: YES | N98: Technology Director, Automotive | O98: Adam | P98: Konopa | Q98: adam.konopa@intellias.com | R98: +48 795104960 | S98: Zablocie 43B | U98: Krakow | W98: Poland | X98: 30-701 | Y98: Active
A99: Intellias Global Limited | B99: 2022-09-09T00:00:00-05:00 | C99: https://intellias.com/ | D99: Associate | E99: OSV, Middleware, Hardware & Services Suppliers | F99: Current | K99: YES | O99: Nelya | P99: Rudnytska | Q99: nelya.rudnytska@intellias.com | S99: Level 1, LM Complex, Brewery Street | T99: Zone 3, Central Business District | U99: Birkirkara | W99: Malta | X99: CBD 3040 | Y99: Active
A100: Jimmy Technologies | B100: 2023-04-03T00:00:00-05:00 | C100: https://www.fromjimmy.com/ | D100: Start-up Associate | E100: OSV, Middleware, Hardware & Services Suppliers | F100: Current | G100: YES | I100: YES | K100: YES | N100: Co-founder | O100: Martin | P100: Stojka | Q100: martin@fromjimmy.com | R100: 420776212232 | S100: KunetickÃ¡ 2534/2 | U100: Prague 2 | V100: HlavnÃ­ mesto Praha | W100: Czech Republic | X100: 12000 | Y100: Active
...

Sheet Member Status
R3: Level | S3: Fee
R4: Charter | S4: 75000
B5: Status | C5: Count of Status | D5: Sum of Membership Level $ | E5: Count of Company | R5: Core | S5: 30000
B6: green | C6: 48 | D6: 767000 | E6: 48 | R6: Associate | S6: 12000
B7: red | C7: 16 | D7: 162000 | E7: 16 | R7: StartUp PLUS | S7: 5000
B8: Associate | C8: 13 | D8: 156000 | E8: 13 | R8: StartUp | S8: 2000
B9: Advanced Driver Information Technology Corp. | C9: 1 | D9: 12000 | E9: 1
B10: ALPS ALPINE EUROPE GmbH | C10: 1 | D10: 12000 | E10: 1
B11: CTAG | C11: 1 | D11: 12000 | E11: 1
B12: Garmin Switzerland GmbH | C12: 1 | D12: 12000 | E12: 1
B13: GitHub | C13: 1 | D13: 12000 | E13: 1
B14: Honda R&D Europe | C14: 1 | D14: 12000 | E14: 1
B15: JOYNEXT | C15: 1 | D15: 12000 | E15: 1
B16: L&T Technologies | C16: 1 | D16: 12000 | E16: 1
B17: NNG | C17: 1 | D17: 12000 | E17: 1
B18: OBIGO Inc. | C18: 1 | D18: 12000 | E18: 1
B19: Otonomo | C19: 1 | D19: 12000 | E19: 1
B20: RENAULT Group | C20: 1 | D20: 12000 | E20: 1
... B27: Grand Total | C27: 77 | D27: 1033000 | E27: 77
